Workbook
Name a: #REF!
Name aaaaaa: #REF!
Name ALTA: 3
Name Años_préstamo: #REF!
Name apu: #REF!
Name ARU: '[1]ARU DEFINITIVO'!$J$62
Name asas: #REF!
Name B: #N/A
Name BAJA: 1
Name BuiltIn_Print_Area: #REF!
Name BuiltIn_Print_Area: #REF!
Name BuiltIn_Print_Area___0: #REF!
Name BuiltIn_Print_Area___0: #REF!
Name BuiltIn_Print_Titles: #REF!
Name BuiltIn_Print_Titles: #REF!
Name CANT_IT_APU: IFERROR(VLOOKUP(#REF!,[2]PRESUPUESTO!$D:$L,7,FALSE),"")
Name CANT_TOT: [3]PRESUPUESTO!$L:$L
Name CANT_TOT_PPTO: IFERROR(SUMPRODUCT([4]PRESUPUESTO!$I1:$J1,--(MOD(COLUMN([4]PRESUPUESTO!$I1:$J1),2)=0)),0)
Name CANT_TOT_PPTO: IFERROR(SUMPRODUCT([5]PRESUPUESTO!$I1:$J1,--(MOD(COLUMN([5]PRESUPUESTO!$I1:$J1),2)=0)),0)
Name CANT_TOT_PPTO: IFERROR(SUMPRODUCT([5]PRESUPUESTO!$I1:$J1,--(MOD(COLUMN([5]PRESUPUESTO!$I1:$J1),2)=0)),0)
Name CANT_TOT_PPTO: IFERROR(SUMPRODUCT(#REF!,--(MOD(COLUMN(#REF!),2)=0)),0)
Name Capital: #REF!
Name CATASTROFICO: 20
Name CD_DIR: [6]PRESUPUESTO!$N$180
Name CD_DIR: [6]PRESUPUESTO!$N$180
Name CD_DIR: [7]PRESUPUESTO!$N$180
Name COL_B: IF(LEFT(#REF!,5)=#REF!,"",(LEFT(#REF!,5)))
Name COL_C: IF(LG=2,"",LEFT(#REF!,2))
Name COL_L: IF([4]PRESUPUESTO!#REF!="",SUMIF([4]PRESUPUESTO!$B:$B,[4]PRESUPUESTO!$C1,[4]PRESUPUESTO!#REF!)/2,"")
Name COL_L: IF([5]PRESUPUESTO!#REF!="",SUMIF([5]PRESUPUESTO!$B:$B,[5]PRESUPUESTO!$C1,[5]PRESUPUESTO!#REF!)/2,"")
Name COL_L: IF([5]PRESUPUESTO!#REF!="",SUMIF([5]PRESUPUESTO!$B:$B,[5]PRESUPUESTO!$C1,[5]PRESUPUESTO!#REF!)/2,"")
Name COL_L: IF(#REF!="",SUMIF(#REF!,#REF!,#REF!)/2,"")
Name COL_M_PPTO: IFERROR(IF('3.1 CALCULO ECONOMICO'!LG=2,"",IF('3.1 CALCULO ECONOMICO'!LG=5,SUMIF([4]PRESUPUESTO!#REF!,[4]PRESUPUESTO!$C1,[4]PRESUPUESTO!#REF!),[4]PRESUPUESTO!$H1*[4]PRESUPUESTO!$K1)),"")
Name COL_M_PPTO: IFERROR(IF('5.1 Calculo Financiero'!LG=2,"",IF('5.1 Calculo Financiero'!LG=5,SUMIF([5]PRESUPUESTO!#REF!,[5]PRESUPUESTO!$C1,[5]PRESUPUESTO!#REF!),[5]PRESUPUESTO!$H1*[5]PRESUPUESTO!$K1)),"")
Name COL_M_PPTO: IFERROR(IF('ARU DEFINITIVO'!LG=2,"",IF('ARU DEFINITIVO'!LG=5,SUMIF([5]PRESUPUESTO!#REF!,[5]PRESUPUESTO!$C1,[5]PRESUPUESTO!#REF!),[5]PRESUPUESTO!$H1*[5]PRESUPUESTO!$K1)),"")
Name COL_M_PPTO: IFERROR(IF(LG=2,"",IF(LG=5,SUMIF(#REF!,#REF!,#REF!),#REF!*#REF!)),"")
Name COL_MO_APU: IFERROR(IF(#REF!="","",IF(VLOOKUP(#REF!,[3]Insumos!$D:$L,9,FALSE)="",LEFT(#REF!,1),VLOOKUP(#REF!,[3]Insumos!$D:$L,9,FALSE))),"")
Name COL_N_APU: IFERROR(IF(ISERROR(SEARCH("-",#REF!)),#REF!*(1+#REF!)*VLOOKUP(#REF!,[3]PRESUPUESTO!$D:$L,COLUMN(CANT_TOT)-COLUMN(ITEMS)+1,FALSE),""),"")
Name COL_O_PPTO: IF(LG=2,#REF!/CD_DIR,"")
Name CON_HTA_APU: SUMIFS(#REF!,#REF!,#REF!,#REF!,"2")
Name Contr._2: #REF!
Name Contr._2: #REF!
Name Contr._2: #REF!
Name Contr._2: #REF!
Name Contr._2: #REF!
Name Contr._3: #REF!
Name Contr._3: #REF!
Name Contr._3: #REF!
Name Contr._3: #REF!
Name Contr._3: #REF!
Name Contr._4: #REF!
Name Contr._4: #REF!
Name Contr._4: #REF!
Name Contr._4: #REF!
Name Contr._4: #REF!
Name Contr._5: #REF!
Name Contr._5: #REF!
Name Contr._5: #REF!
Name Contr._5: #REF!
Name Contr._5: #REF!

Sheet PRESUPUESTO
B2: PRESUPUESTO SECRETARÍA DE OBRAS PÚBLICAS ANEXO No.1 | F2: Código: CC-F-244
F3: Versión: 01
F4: Página 1 de 1
A5: OBJETO | B5: MANTENIMIENTO PREVENTIVO Y CORRECTIVO DE LOS TANQUES DE AGUA PARA LA INFRAESTRUCTURA INSTITUCIONAL SEGÚN REQUERIMIENTO DEL MUNICIPIO DE ENVIGADO
A7: Ítem | B7: Descripción | C7: Unidad | D7: Cantidad | E7: Precio Unitario | F7: Total
A8: 1 | B8: REVISIÓN Y MANTENIMIENTO PREVENTIVO | F8: =SUM(F9:F11) -> 29816171
A9: 1.1 | B9: Revisión, mantenimiento preventivo, correctivo, limpieza y desinfección de tanques de almacenamiento de agua potable entre 1m3 y 20m3 de las Instituciones: Liceo la Paz (Barrio la Paz) Est. de Policia de Envigado (Barrio las Vegas) CDI el Dorado (Barrio el Dorado). CDI Palmas (Vereda Palmas). Casa de Justicia (Barrio El Salado). Colegio Maria Poussepin (Barrio Uribe Angel). Colegio las Palmas ( Vereda Palmas) Colegio Pantanillo (Vereda Pantanillo) CDI Las Antillas (Barrio Las Antillas) CDI Las Cometas (Barrio Uribe Angel) | C9: Und. | D9: 1 | E9: 7667773 | F9: =+D9*E9 -> 7667773
A10: 1.2 | B10: Revisión, mantenimiento preventivo, correctivo, limpieza y desinfección de tanques de almacenamiento de agua potable entre 21m3 y 50m3 de las Instituciones: Colegio Comercial (Barrio la Mina) Colegio Leticia Arango Avendaño (Barrio La Paz) Colegio Jomar ( Barrio Alcala) Palacio Municipal Jorge Mesa Ramirez (Barrio Zona Centro). Casa Diana (Barrio Alto de Misael) | C10: Und. | D10: 1 | E10: 7086227 | F10: =+D10*E10 -> 7086227
A11: 1.3 | B11: Revisión, mantenimiento preventivo, correctivo, limpieza y desinfección de tanques de almacenamiento de agua potable entre 51m3 y 80m3 de las instituciones: Colegio Comercial (Barrio la Mina) Colegio San vicente (Barrio Loma del Barro) Liceo la Paz (Barrio la Paz) Colegio Leticia Arango Avendaño (Barrio La Paz) Colegio Comercial (Barrio La Mina) Colegio Jose Miguel de la Calle (Barrio Obrero) Colegio el Salado (Barrio el Salado) Plaza de Mercado ( Barrio Zona Centro) | C11: Und. | D11: 1 | E11: 15062171 | F11: =+D11*E11 -> 15062171
A12: 2 | B12: MANTENIMIENTO CORRECTIVO Y REPUESTOS | F12: =SUM(F13:F13) -> 96000000
A13: 2.1 | B13: Mantenimiento correctivo de los tanques de almacenamiento de agua potable y sistemas complementarios en caso de la ocurerencia de un daño imprevisto o mal funcionamiento, además, los repuestos necesarios para garantizar el buen funcionamiento en todo momento. | C13: Global | D13: 1 | E13: 96000000 | F13: =E13 -> 96000000
A14: COSTO DIRECTO | F14: =F12+F8 -> 125816171
A15: PORCENTAJE DE IVA | F15: 0.19
A16: SUBTOTAL | F16: =F14*F15 -> 23905072
A17: RIESGOS ASUMIDOS ENTIDAD CONTRATANTE | F17: ='1 RIESGOS'!C16 -> 0
A18: TOTAL | F18: =F14+F16 -> 1.4972124e+08
A20: Elaborado por:
A21: Jaime Alexis Orozco Villada
A22: Tecnico Operativo
A23: 23/07/2026
A25: Revisado por:
A26: Oscar Leandro Betancur Arboleda
A27: Cargo
A28: 23/07/2026
A30: Visto Bueno:
A31: Juan Jose Orozco Valencia
A32: Secretario de Obras Públicas
A33: 23/07/2026

Sheet RESUMEN 
B1: RESUMEN DEL VALOR DEL PROYECTO
A2: =+#REF! -> #REF!
A4: CAPÍTULO | B4: NOMBRE DEL CAPITULO | C4: VALOR
A5: 1 | D5: =(C5/$C$23)*100% -> #DIV/0!
A6: 2 | D6: =(C6/$C$23)*100% -> #DIV/0!
A7: 3 | D7: =(C7/$C$23)*100% -> #DIV/0!
A8: 4 | D8: =(C8/$C$23)*100% -> #DIV/0!
A9: 5 | D9: =(C9/$C$23)*100% -> #DIV/0!
A10: 6 | D10: =(C10/$C$23)*100% -> #DIV/0!
A11: 7 | D11: =(C11/$C$23)*100% -> #DIV/0!
A12: 8 | D12: =(C12/$C$23)*100% -> #DIV/0!
A13: 9 | D13: =(C13/$C$23)*100% -> #DIV/0!
A14: 10 | D14: =(C14/$C$23)*100% -> #DIV/0!
A15: 11 | D15: =(C15/$C$23)*100% -> #DIV/0!
A16: 12 | D16: =(C16/$C$23)*100% -> #DIV/0!
... A22: 18 | D22: =(C22/$C$23)*100% -> #DIV/0!
A23: COSTO DIRECTO | C23: =SUM(C5:C22) -> 0
A24: PORCENTAJE DE ARU | C24: =+#REF! -> #REF!
A25: COSTOS INDIRECTOS | C25: =+C23*C24 -> #REF!
A26: RIESGOS ASUMIDOS ENTIDAD CONTRATANTE | C26: =#REF! -> #REF!
A27: COSTO TOTAL | C27: =+C23+C25+C26 -> #REF!
A28: INTERVENTORIA (10%) | C28: =+C23*0.1 -> 0
A29: VALOR TOTAL DEL PROYECTO | C29: =+C27+C28 -> #REF!

Sheet ARU DEFINITIVO
A1: MUNICIPIO DE ENVIGADO
A2: SECRETARÍA DE OBRAS PÚBLICAS
A3: CALCULO DEL ARU
A5: OBJETO: | B5: =PRESUPUESTO!B5 -> MANTENIMIENTO PREVENTIVO Y CORRECTIVO DE LOS TANQUES DE AGUA PARA LA INFRAESTRUCTURA INSTITUCIONAL SEGÚN REQUERIMIENTO DEL MUNICIPIO DE ENVIGADO
A7: RESUMEN: Calculo del porcentaje de Administración, Riesgos y Utilidad (A.R.U)
A9: TOTAL COSTO DIRECTO | D9: =PRESUPUESTO!F14 -> 125816171
A11: PLAZO DEL CONTRATO EN MESES | D11: 1
A13: 1. PERSONAL ADMINISTRATIVO DE OBRA | B13: CANT. | C13: MESES | D13: SUELDO | E13: PRESTACIONES | F13: V/R TOTAL | G13: %
A14: DIRECTOR DE OBRA | B14: 1 | C14: =+$D$11 -> 1 | D14: ='CALCULO PRESTACIONES Y SALARIOS'!D77 -> 12028025 | E14: 0.582846 | F14: =D14*(1+E14)*C14*B14 -> 19038511 | G14: =+F14/$D$9 -> 0.15132007
A15: RESIDENTE DE ESTRUCTURA Y PUENTES | B15: 1 | C15: =$C$14 -> 1 | D15: ='CALCULO PRESTACIONES Y SALARIOS'!G77 -> 7796595 | E15: 0.582846 | F15: =D15*(1+E15)*C15*B15 -> 12340809 | G15: =+F15/$D$9 -> 0.098086034
A16: RESIDENTE DE URBANISMO | B16: 1 | C16: =$C$14 -> 1 | D16: =D15 -> 7796595 | E16: 0.582846 | F16: =D16*(1+E16)*C16*B16 -> 12340809 | G16: =+F16/$D$9 -> 0.098086034
A17: INGENIERO RESIDENTE DE OBRA | B17: 1 | C17: =$C$14 -> 1 | D17: ='CALCULO PRESTACIONES Y SALARIOS'!H77 -> 6953837 | E17: 0.582846 | F17: =D17*(1+E17)*C17*B17 -> 11006853 | G17: =+F17/$D$9 -> 0.087483612
A18: PROFESIONAL AMBIENTAL | B18: 1 | C18: =$C$14 -> 1 | D18: ='CALCULO PRESTACIONES Y SALARIOS'!I77 -> 5259509 | E18: 0.582846 | F18: =D18*(1+E18)*C18*B18 -> 8324992.8 | G18: =+F18/$D$9 -> 0.066167908
A19: RESIDENTE FORESTAL | B19: 1 | C19: =$C$14 -> 1 | D19: ='CALCULO PRESTACIONES Y SALARIOS'!I77 -> 5259509 | E19: 0.582846 | F19: =D19*(1+E19)*C19*B19 -> 8324992.8 | G19: =+F19/$D$9 -> 0.066167908
A20: RESIDENTE DE SEGURIDAD Y SALUD EN EL TRABAJO --SST | B20: 1 | C20: =$C$14 -> 1 | D20: ='CALCULO PRESTACIONES Y SALARIOS'!J77 -> 4959460 | E20: 0.582846 | F20: =D20*(1+E20)*C20*B20 -> 7850061.4 | G20: =+F20/$D$9 -> 0.062393104
A21: ALMACENISTA | B21: 1 | C21: =$C$14 -> 1 | D21: ='CALCULO PRESTACIONES Y SALARIOS'!P77 -> 1804648 | E21: 0.582846 | F21: =D21*(1+E21)*C21*B21 -> 2856479.9 | G21: =+F21/$D$9 -> 0.022703599
A22: TOTAL PERSONAL ADMINISTRATIVO DE OBRA | F22: =SUM(F14:F21) -> 82083510 | G22: =SUM(G14:G21) -> 0.65240826
A24: 2. GASTOS ADMINISTRATIVOS DE OFICINA | B24: % | C24: MESES | D24: SUELDO | E24: PRESTACIONES | F24: V/R TOTAL | G24: %
A25: GERENCIA | B25: 0.1 | C25: 2 | D25: 10148359 | E25: =$E$17 -> 0.582846 | F25: =D25*(1+E25)*C25*B25 -> 3212657.9 | G25: =+F25/$D$9 -> 0.025534539
A26: SECRETARIA | B26: 0.1 | C26: 2 | D26: 1522257 | E26: =$E$17 -> 0.582846 | F26: =D26*(1+E26)*C26*B26 -> 481899.68 | G26: =+F26/$D$9 -> 0.0038301887
A27: CONTADORA | B27: 0.1 | C27: 2 | D27: 2540250 | E27: =$E$17 -> 0.582846 | F27: =D27*(1+E27)*C27*B27 -> 804164.91 | G27: =+F27/$D$9 -> 0.0063915863
A28: MENSAJERO | B28: 0.1 | C28: 2 | D28: 1360415 | E28: =$E$17 -> 0.582846 | F28: =D28*(1+E28)*C28*B28 -> 430665.49 | G28: =+F28/$D$9 -> 0.003422974
A29: ALQUILER OFICINA | B29: 0.1 | C29: 2 | D29: 3000000 | E29: 0 | F29: =D29*(1+E29)*C29*B29 -> 600000 | G29: =+F29/$D$9 -> 0.0047688623
A30: SERVICIOS PÚBLICOS | B30: 0.1 | C30: 2 | D30: 500000 | E30: 0 | F30: =D30*(1+E30)*C30*B30 -> 100000 | G30: =+F30/$D$9 -> 0.00079481039
A31: TOTAL GASTOS ADMINISTRATIVOS DE OFICINA | F31: =SUM(F25:F30) -> 5629388 | G31: =SUM(G25:G30) -> 0.04474296
A33: 3. GASTOS ADMINISTRATIVOS | B33: CANT. | C33: MESES | D33: VALOR | F33: V/R TOTAL | G33: %
A34: VALLA INFORMATIVA | B34: 0 | C34: 0 | D34: 4890000 | F34: =D34*C34*B34 -> 0 | G34: =+F34/$D$9 -> 0
A35: SERVICIOS PUBLICOS | B35: 0 | C35: 0 | D35: 400000 | F35: =D35*C35*B35 -> 0 | G35: =+F35/$D$9 -> 0
A36: GASTOS DE OFICINA, PAPELERIA | B36: 1 | C36: =D11 -> 1 | D36: 100000 | F36: =D36*C36*B36 -> 100000 | G36: =+F36/$D$9 -> 0.00079481039
A37: MUEBLES Y EQUIPOS DE OFICINA | B37: 0 | C37: 0 | D37: 1150000 | F37: =D37*C37*B37 -> 0 | G37: =+F37/$D$9 -> 0
A38: COMUNICACIÓN | B38: 0 | C38: 0 | D38: 80000 | F38: =D38*C38*B38 -> 0 | G38: =+F38/$D$9 -> 0
A39: ASEO DE OBRA Y CAFETERIA | B39: 0 | C39: 0 | D39: 100000 | F39: =D39*C39*B39 -> 0 | G39: =+F39/$D$9 -> 0
A40: CAMPAMENTOS PROVISIONALES EN TELERA | B40: 0 | C40: 0 | D40: 11600000 | F40: =D40*C40*B40 -> 0 | G40: =+F40/$D$9 -> 0
A41: INSTALACIONES ELÉCTRICAS PROVISIONALES | B41: 0 | C41: 0 | D41: 3556275 | F41: =D41*C41*B41 -> 0 | G41: =+F41/$D$9 -> 0
A42: INSTALACIONES PROVISIONALES SANITARIAS | B42: 0 | C42: 0 | D42: 4564350 | F42: =D42*C42*B42 -> 0 | G42: =+F42/$D$9 -> 0
A43: PLANOS RECORD | B43: 0 | C43: 0 | D43: 450000 | F43: =D43*C43*B43 -> 0 | G43: =+F43/$D$9 -> 0
A44: ENSAYOS DE LABORATORIO | B44: 0 | C44: 0 | D44: 330000 | F44: =D44*C44*B44 -> 0 | G44: =+F44/$D$9 -> 0
A45: ELABORACION DE MANUAL DE OPERACION Y MANTENIMIENTO | B45: 0 | C45: 0 | D45: 2500000 | F45: =D45*C45*B45 -> 0 | G45: =+F45/$D$9 -> 0
A46: TOTAL GASTOS ADMINISTRATIVOS | F46: =SUM(F34:F45) -> 100000 | G46: =SUM(G34:G45) -> 0.00079481039
A48: 4. GASTOS LEGALES | B48: % | C48: CANT. | D48: A PAGAR | F48: V/R TOTAL | G48: %
A49: CONTRIBUCION ESPECIAL LEY 1106 | B49: 0.05 | C49: 1 | D49: =+ROUND($E$67*B49*C49,0) -> 4161313 | F49: =+C49*D49 -> 4161313 | G49: =F49/$D$9 -> 0.033074548
A50: ESTAMPILLA UNIVERSIDAD DE ENVIGADO | B50: 0.004 | C50: 1 | D50: =+ROUND($E$67*B50*C50,0) -> 332905 | F50: =+C50*D50 -> 332905 | G50: =F50/$D$9 -> 0.0026459635
A51: INDUSTRIA Y COMERCIO | B51: 0.007 | C51: 1 | D51: =+ROUND($E$67*B51*C51,0) -> 582584 | F51: =+C51*D51 -> 582584 | G51: =F51/$D$9 -> 0.0046304382
A52: ESTAMPILLA PRO CULTURA | B52: 0.005 | C52: 1 | D52: =+ROUND($E$67*B52*C52,0) -> 416131 | F52: =+C52*D52 -> 416131 | G52: =F52/$D$9 -> 0.0033074524
A53: ESTAMPILLA ADULTO MAYOR | B53: 0.02 | C53: 1 | D53: =+ROUND($E$67*B53*C53,0) -> 1664525 | F53: =+C53*D53 -> 1664525 | G53: =F53/$D$9 -> 0.013229818
A54: PRODEPORTE Y RECREACIÓN | B54: 0.003 | C54: 1 | D54: =+ROUND($E$67*B54*C54,0) -> 249679 | F54: =+C54*D54 -> 249679 | G54: =F54/$D$9 -> 0.0019844746
A55: PÓLIZAS | B55: 0.007 | C55: 1 | D55: =+ROUND($E$67*B55*C55,0) -> 582584 | F55: =+C55*D55 -> 582584 | G55: =F55/$D$9 -> 0.0046304382
A56: TOTAL GASTOS LEGALES | F56: =SUM(F49:F55) -> 7989721 | G56: =SUM(G49:G55) -> 0.063503133
A57: Nota: Validar cuales impuestos aplica según la Circular 20240000035 del 28/02/2024 o la que la sustituya.
A58: PORCENTAJE TOTAL DE ADMINISTRACIÓN | B58: =+G56+G46+G31+G22 -> 0.76144917
A59: PORCENTAJE DE RIESGOS PREVISIBLES | B59: ='1 RIESGOS'!C19 -> 0.36721103
A60: PORCENTAJE DE UTILIDAD | B60: 0.05
A61: A.R.U. DE LA PROPUESTA BASICO | B61: =B58+B59+B60 -> 1.1786602
A62: A.R.U. DE LA PROPUESTA BASICO | B62: =ROUNDUP(B61,2) -> 1.18
A64: TOTAL COSTO DIRECTO | D64: =+D9 -> 125816171
A65: TOTAL COSTO INDIRECTO | D65: =+D64*B62 -> 1.4846308e+08
A66: RIESGOS ASUMIDOS POR LA ENTIDAD CONTRATANTE | D66: =+'1 RIESGOS'!C16 -> 0
A67: COSTO TOTAL | D67: =+D64+D65+D66 -> 2.7427925e+08 | E67: 83226268

Sheet CALCULO PRESTACIONES Y SALA 
A1: PRESTACIONES, SEGURIDAD SOCIAL Y PARAFISCALES AÑOS 2020
A3: SEGURIDAD SOCIAL | C3: % TOTAL | D3: % EMPLEADOR | E3: % EMPLEADO
A4: SALUD | C4: =+D4+E4 -> 0.125 | D4: 0.085 | E4: 0.04
A5: PENSIONES | C5: =+D5+E5 -> 0.16 | D5: 0.12 | E5: 0.04
A6: RIESGOS | C6: =+D6+E6 -> 0.0696 | D6: 0.0696 | E6: 0
A7: TOTAL | C7: =SUM(C4:C6) -> 0.3546 | D7: =SUM(D4:D6) -> 0.2746 | E7: =SUM(E4:E6) -> 0.08
A9: PARAFISCALES | C9: % TOTAL | D9: % EMPLEADOR | E9: % EMPLEADO
A10: SENA | C10: =+D10+E10 -> 0.02 | D10: 0.02 | E10: 0
A11: ICBF | C11: =+D11+E11 -> 0.03 | D11: 0.03 | E11: 0
A12: CAJA DE COMPENSACION | C12: =+D12+E12 -> 0.04 | D12: 0.04 | E12: 0
A13: TOTAL | C13: =SUM(C10:C12) -> 0.09 | D13: =SUM(D10:D12) -> 0.09 | E13: 0
A15: PRESTACIONES SOCIALES | C15: % TOTAL | D15: % EMPLEADOR | E15: % EMPLEADO
A16: CESANTIAS | C16: 0.0833 | D16: 0.0833 | E16: 0
A17: INTERESES CESANTIAS | C17: =+C16*0.12 -> 0.009996 | D17: =+D16*0.12 -> 0.009996 | E17: 0
A18: VACACIONES | C18: 0.04165 | D18: 0.04165 | E18: 0
A19: PRIMA | C19: 0.0833 | D19: 0.0833 | E19: 0
A20: TOTAL | C20: =SUM(C16:C19) -> 0.218246 | D20: =SUM(D16:D19) -> 0.218246 | E20: 0
A22: ACUMULADO SEGURIDAD SOCIAL + PRESTACIONES SOCIALES | C22: =+C7+C13+C20 -> 0.662846 | D22: =+D7+D13+D20 -> 0.582846 | E22: =+E7+E13+E20 -> 0.08
A24: PRESTACIONES SOCIALES
A25: CESANTIAS | B25: Aux Ttte | C25: (SALARIO + AUX/MES) X DIAS LABORADOS
B26: X Minimo | C26: 360
A28: INTERESES CESANTIAS | C28: 12% X CESANTIAS
A30: VACACIONES | C30: 1/2 SALARIO X DIAS LABORADOS
C31: 360
A33: PRIMA | B33: Aux Ttte | C33: (1/2 SALARIO + AUX) X DIAS LABORADOS
B34: X Minimo | C34: 180
A36: BASE PARA EL 2020
A37: SALARIO MINIMO | C37: 877803
A38: AUXILIO TRANSPORTE | C38: 102854
A40: TABLA DE SUELDOS MINISTERIO DE TRANPORTE RESOLUCION 747 DEL 9 DE MARZO DE 1998
A41: AÑO | B41: VARIACION IPC DANE | C41: SUELDO
C42: DIRECTOR CATEGORIA 1 | D42: DIRECTOR CATEGORIA 2 | E42: RESIDENTE CATEGORIA 3 | F42: RESIDENTE CATEGORIA 4 | G42: RESIDENTE CATEGORIA 5 | H42: RESIDENTE CATEGORIA 6 | I42: RESIDENTE CATEGORIA 7 | J42: RESIDENTE CATEGORIA 8 | K42: TECNOLOGO AREA DE INGENIERIA | L42: AUXILIAR DE INGENIERIA | M42: COMISION DE TOPOGRAFIA | N42: ENCARGADO DE OBRA | O42: SECRETARIA | P42: ALMACENISTA | Q42: VEHICULO
A43: EXPERIENCIA GENERAL (AÑOS) | C43: 12 | D43: 10 | E43: 8 | F43: 6 | G43: 4 | H43: 3 | I43: 2 | J43: < 2
A44: EXPERIENCIA ESPECIFICA (AÑOS) | C44: 10 | D44: 7 | E44: 5 | F44: 4 | G44: 3 | H44: 1 | I44: 0 | J44: 0
A45: 1998 | B45: 0.167 | C45: 3577000 | D45: 2726000 | E45: 2300000 | F45: 1959000 | G45: 1767000 | H45: 1576000 | I45: 1192000 | J45: 1124000 | K45: 738000 | L45: 648000 | M45: =(1020000+630000+477000+415000) -> 2542000 | N45: 505000 | O45: 345000 | P45: 409000 | Q45: =1800000 -> 1800000
A46: 1999 | B46: 0.0923 | C46: =ROUND(C45*(1+$B45),0) -> 4174359 | D46: =ROUND(D45*(1+$B45),0) -> 3181242 | E46: =ROUND(E45*(1+$B45),0) -> 2684100 | F46: =ROUND(F45*(1+$B45),0) -> 2286153 | G46: =ROUND(G45*(1+$B45),0) -> 2062089 | H46: =ROUND(H45*(1+$B45),0) -> 1839192 | I46: =ROUND(I45*(1+$B45),0) -> 1391064 | J46: =ROUND(J45*(1+$B45),0) -> 1311708 | ... Q46: =ROUND(Q45*(1+$B45),0) -> 2100600
A47: 2000 | B47: 0.0875 | C47: =ROUND(C46*(1+B46),0) -> 4559652 | D47: =ROUND(D46*(1+$B46),0) -> 3474871 | E47: =ROUND(E46*(1+$B46),0) -> 2931842 | F47: =ROUND(F46*(1+$B46),0) -> 2497165 | G47: =ROUND(G46*(1+$B46),0) -> 2252420 | H47: =ROUND(H46*(1+$B46),0) -> 2008949 | I47: =ROUND(I46*(1+$B46),0) -> 1519459 | J47: =ROUND(J46*(1+$B46),0) -> 1432779 | K47: =ROUND(K46*(1+$B46),0) -> 940739 | ... Q47: =ROUND(Q46*(1+$B46),0) -> 2294485
A48: 2001 | B48: 0.0765 | C48: =ROUND(C47*(1+B47),0) -> 4958622 | D48: =ROUND(D47*(1+$B47),0) -> 3778922 | E48: =ROUND(E47*(1+$B47),0) -> 3188378 | F48: =ROUND(F47*(1+$B47),0) -> 2715667 | G48: =ROUND(G47*(1+$B47),0) -> 2449507 | H48: =ROUND(H47*(1+$B47),0) -> 2184732 | I48: =ROUND(I47*(1+$B47),0) -> 1652412 | J48: =ROUND(J47*(1+$B47),0) -> 1558147 | K48: =ROUND(K47*(1+$B47),0) -> 1023054 | ... Q48: =ROUND(Q47*(1+$B47),0) -> 2495252
A49: 2002 | B49: 0.0699 | C49: =ROUND(C48*(1+B48),0) -> 5337957 | D49: =ROUND(D48*(1+$B48),0) -> 4068010 | E49: =ROUND(E48*(1+$B48),0) -> 3432289 | F49: =ROUND(F48*(1+$B48),0) -> 2923416 | G49: =ROUND(G48*(1+$B48),0) -> 2636894 | H49: =ROUND(H48*(1+$B48),0) -> 2351864 | I49: =ROUND(I48*(1+$B48),0) -> 1778822 | J49: =ROUND(J48*(1+$B48),0) -> 1677345 | K49: =ROUND(K48*(1+$B48),0) -> 1101318 | ... Q49: =ROUND(Q48*(1+$B48),0) -> 2686139
A50: 2003 | B50: 0.0649 | C50: =ROUND(C49*(1+B49),0) -> 5711080 | D50: =ROUND(D49*(1+$B49),0) -> 4352364 | E50: =ROUND(E49*(1+$B49),0) -> 3672206 | F50: =ROUND(F49*(1+$B49),0) -> 3127763 | G50: =ROUND(G49*(1+$B49),0) -> 2821213 | H50: =ROUND(H49*(1+$B49),0) -> 2516259 | I50: =ROUND(I49*(1+$B49),0) -> 1903162 | J50: =ROUND(J49*(1+$B49),0) -> 1794591 | K50: =ROUND(K49*(1+$B49),0) -> 1178300 | ... Q50: =ROUND(Q49*(1+$B49),0) -> 2873900
A51: 2004 | B51: 0.055 | C51: =ROUND(C50*(1+B50),0) -> 6081729 | D51: =ROUND(D50*(1+$B50),0) -> 4634832 | E51: =ROUND(E50*(1+$B50),0) -> 3910532 | F51: =ROUND(F50*(1+$B50),0) -> 3330755 | G51: =ROUND(G50*(1+$B50),0) -> 3004310 | H51: =ROUND(H50*(1+$B50),0) -> 2679564 | I51: =ROUND(I50*(1+$B50),0) -> 2026677 | J51: =ROUND(J50*(1+$B50),0) -> 1911060 | K51: =ROUND(K50*(1+$B50),0) -> 1254772 | ... Q51: =ROUND(Q50*(1+$B50),0) -> 3060416
A52: 2005 | B52: 0.0485 | C52: =ROUND(C51*(1+B51),0) -> 6416224 | D52: =ROUND(D51*(1+$B51),0) -> 4889748 | E52: =ROUND(E51*(1+$B51),0) -> 4125611 | F52: =ROUND(F51*(1+$B51),0) -> 3513947 | G52: =ROUND(G51*(1+$B51),0) -> 3169547 | H52: =ROUND(H51*(1+$B51),0) -> 2826940 | I52: =ROUND(I51*(1+$B51),0) -> 2138144 | J52: =ROUND(J51*(1+$B51),0) -> 2016168 | K52: =ROUND(K51*(1+$B51),0) -> 1323784 | ... Q52: =ROUND(Q51*(1+$B51),0) -> 3228739
A53: 2006 | B53: 0.0448 | C53: =ROUND(C52*(1+B52),0) -> 6727411 | D53: =ROUND(D52*(1+$B52),0) -> 5126901 | E53: =ROUND(E52*(1+$B52),0) -> 4325703 | F53: =ROUND(F52*(1+$B52),0) -> 3684373 | G53: =ROUND(G52*(1+$B52),0) -> 3323270 | H53: =ROUND(H52*(1+$B52),0) -> 2964047 | I53: =ROUND(I52*(1+$B52),0) -> 2241844 | J53: =ROUND(J52*(1+$B52),0) -> 2113952 | K53: =ROUND(K52*(1+$B52),0) -> 1387988 | ... Q53: =ROUND(Q52*(1+$B52),0) -> 3385333
A54: 2007 | B54: 0.0569 | C54: =ROUND(C53*(1+B53),0) -> 7028799 | D54: =ROUND(D53*(1+$B53),0) -> 5356586 | E54: =ROUND(E53*(1+$B53),0) -> 4519494 | F54: =ROUND(F53*(1+$B53),0) -> 3849433 | G54: =ROUND(G53*(1+$B53),0) -> 3472152 | H54: =ROUND(H53*(1+$B53),0) -> 3096836 | I54: =ROUND(I53*(1+$B53),0) -> 2342279 | J54: =ROUND(J53*(1+$B53),0) -> 2208657 | K54: =ROUND(K53*(1+$B53),0) -> 1450170 | ... Q54: =ROUND(Q53*(1+$B53),0) -> 3536996
A55: 2008 | B55: 0.0767 | C55: =ROUND(C54*(1+B54),0) -> 7428738 | D55: =ROUND(D54*(1+$B54),0) -> 5661376 | E55: =ROUND(E54*(1+$B54),0) -> 4776653 | F55: =ROUND(F54*(1+$B54),0) -> 4068466 | G55: =ROUND(G54*(1+$B54),0) -> 3669717 | H55: =ROUND(H54*(1+$B54),0) -> 3273046 | I55: =ROUND(I54*(1+$B54),0) -> 2475555 | J55: =ROUND(J54*(1+$B54),0) -> 2334330 | K55: =ROUND(K54*(1+$B54),0) -> 1532685 | ... Q55: =ROUND(Q54*(1+$B54),0) -> 3738251
A56: 2009 | B56: 0.02 | C56: =ROUND(C55*(1+B55),0) -> 7998522 | D56: =ROUND(D55*(1+$B55),0) -> 6095604 | E56: =ROUND(E55*(1+$B55),0) -> 5143022 | F56: =ROUND(F55*(1+$B55),0) -> 4380517 | G56: =ROUND(G55*(1+$B55),0) -> 3951184 | H56: =ROUND(H55*(1+$B55),0) -> 3524089 | I56: =ROUND(I55*(1+$B55),0) -> 2665430 | J56: =ROUND(J55*(1+$B55),0) -> 2513373 | K56: =ROUND(K55*(1+$B55),0) -> 1650242 | ... Q56: =ROUND(Q55*(1+$B55),0) -> 4024975
A57: 2010 | B57: 0.0317 | C57: =ROUND(C56*(1+B56),0) -> 8158492 | D57: =ROUND(D56*(1+$B56),0) -> 6217516 | E57: =ROUND(E56*(1+$B56),0) -> 5245882 | F57: =ROUND(F56*(1+$B56),0) -> 4468127 | G57: =ROUND(G56*(1+$B56),0) -> 4030208 | H57: =ROUND(H56*(1+$B56),0) -> 3594571 | I57: =ROUND(I56*(1+$B56),0) -> 2718739 | J57: =ROUND(J56*(1+$B56),0) -> 2563640 | K57: =ROUND(K56*(1+$B56),0) -> 1683247 | ... Q57: =ROUND(Q56*(1+$B56),0) -> 4105475
A58: 2011 | B58: 0.0373 | C58: =ROUND(C57*(1+B57),0) -> 8417116 | D58: =ROUND(D57*(1+$B57),0) -> 6414611 | E58: =ROUND(E57*(1+$B57),0) -> 5412176 | F58: =ROUND(F57*(1+$B57),0) -> 4609767 | G58: =ROUND(G57*(1+$B57),0) -> 4157966 | H58: =ROUND(H57*(1+$B57),0) -> 3708519 | I58: =ROUND(I57*(1+$B57),0) -> 2804923 | J58: =ROUND(J57*(1+$B57),0) -> 2644907 | K58: =ROUND(K57*(1+$B57),0) -> 1736606 | ... Q58: =ROUND(Q57*(1+$B57),0) -> 4235619
... A67: 2020 | B67: 0.035 | C67: =ROUND(C66*(1+B66),0) -> 11897790 | D67: =ROUND(D66*(1+$B66),0) -> 9067203 | E67: =ROUND(E66*(1+$B66),0) -> 7650236 | F67: =ROUND(F66*(1+$B66),0) -> 6516015 | G67: =ROUND(G66*(1+$B66),0) -> 5877383 | H67: =ROUND(H66*(1+$B66),0) -> 5242080 | I67: =ROUND(I66*(1+$B66),0) -> 3964825 | J67: =ROUND(J66*(1+$B66),0) -> 3738637 | K67: =ROUND(K66*(1+$B66),0) -> 2454733 | ... Q67: =ROUND(Q66*(1+$B66),0) -> 5987147
A68: 2021 | C68: =ROUND(C67*(1+B67),0) -> 12314213 | D68: =ROUND(D67*(1+$B67),0) -> 9384555 | E68: =ROUND(E67*(1+$B67),0) -> 7917994 | F68: =ROUND(F67*(1+$B67),0) -> 6744076 | G68: =ROUND(G67*(1+$B67),0) -> 6083091 | H68: =ROUND(H67*(1+$B67),0) -> 5425553 | I68: =ROUND(I67*(1+$B67),0) -> 4103594 | J68: =ROUND(J67*(1+$B67),0) -> 3869489 | K68: =ROUND(K67*(1+$B67),0) -> 2540649 | ... Q68: =ROUND(Q67*(1+$B67),0) -> 6196697

Sheet CRONOGRAMA
C1: CRONOGRAMA DE EJECUCIÓN DE OBRA | H1: PORCENTAJE A.R.U.
C2: =PRESUPUESTO!B5 -> MANTENIMIENTO PREVENTIVO Y CORRECTIVO DE LOS TANQUES DE AGUA PARA LA INFRAESTRUCTURA INSTITUCIONAL SEGÚN REQUERIMIENTO DEL MUNICIPIO DE ENVIGADO | H2: ='[11]ARU DEFINITIVO'!G77 -> #DIV/0!
A3: ITEM | B3: DESCRIPCIÓN | D3: MES 1 | E3: MES 2 | F3: TOTAL PORCENTAJE | G3: COSTO DIRECTO
A6: 1 | B6: =PRESUPUESTO!B5:F5 -> MANTENIMIENTO PREVENTIVO Y CORRECTIVO DE LOS TANQUES DE AGUA PARA LA INFRAESTRUCTURA INSTITUCIONAL SEGÚN REQUERIMIENTO DEL MUNICIPIO DE ENVIGADO | C6: P | D6: =100%/$I$6 -> 1 | E6: =100%/$I$6 -> 1 | F6: =SUM(D6:E6) -> 2 | G6: =PRESUPUESTO!F14 -> 125816171 | H6: PLAZO MESES | I6: ='ARU DEFINITIVO'!D11 -> 1
D7: =D6*$G$6 -> 125816171 | E7: =E6*$G$6 -> 125816171 | F7: =SUM(D7:E7)/G6 -> 2 | G7: =SUM(D7:E7) -> 251632342
A9: TOTALES PARCIALES (BRUTO) | C9: P | D9: =D6 -> 1 | E9: =E6 -> 1 | F9: =SUM(D9:E9) -> 2 | G9: =SUM(D10:E10) -> 251632342
D10: =D7 -> 125816171 | E10: =E7 -> 125816171
A12: TOTALES ACUMULADOS (BRUTOS) | C12: P | D12: =+D9 -> 1 | E12: =D12+E9 -> 2 | F12: =E12 -> 2 | G12: =E13 -> 251632342
D13: =+D10 -> 125816171 | E13: =+D13+E10 -> 251632342

Sheet FLUJO DE CAJA
C1: FLUJO DE INVERSIÓN Y VIABILIDAD ECONOMICA
C2: =PRESUPUESTO!B5 -> MANTENIMIENTO PREVENTIVO Y CORRECTIVO DE LOS TANQUES DE AGUA PARA LA INFRAESTRUCTURA INSTITUCIONAL SEGÚN REQUERIMIENTO DEL MUNICIPIO DE ENVIGADO
A3: CONCEPTO | D3: MES 1 | E3: MES 2 | F3: MES 3 | G3: TOTAL PORCENTAJE | H3: VALOR TOTAL
E4: MES 2 | F4: MES 3
A6: TOTALES PARCIALES (BRUTO) | C6: P | D6: =CRONOGRAMA!D6 -> 1 | E6: =CRONOGRAMA!E6 -> 1 | G6: =SUM(D6:F6) -> 2 | H6: =PRESUPUESTO!F14 -> 125816171
D7: =+$H$6*D6 -> 125816171 | E7: =+$H$6*E6 -> 125816171
A8: TOTALES ACUMULADOS (BRUTOS) | C8: P | D8: =+D6 -> 1 | E8: =+E6+D8 -> 2 | G8: =E8 -> 2 | H8: =E9 -> 251632342
D9: =+D7 -> 125816171 | E9: =+E7+D9 -> 251632342
A11: AMORTIZACIÓN ANTICIPO: | B11: 0 | D11: =+ROUND(D7*$B$11,0) -> 0 | E11: =+ROUND(E7*$B$11,0) -> 0 | G11: =+H11/H6 -> 0 | H11: =+SUM(D11:F11) -> 0
A13: TOTAL PARCIAL (NETO): | C13: P | D13: =+D14/$H$8 -> 0.5 | E13: =+E14/$H$8 -> 0.5 | G13: =SUM(D13:F13) -> 1 | H13: =SUM(D14:F14) -> 251632342
D14: =+D7-D11 -> 125816171 | E14: =+E7-E11 -> 125816171
A15: TOTAL ACUMULADO (NETO): | C15: P | D15: =+D13 -> 0.5 | E15: =+E13+D15 -> 1 | G15: =E15 -> 1 | H15: =E16 -> 251632342
D16: =+D14 -> 125816171 | E16: =+E14+D16 -> 251632342
A18: FLUJO DE PAGOS PARCIAL | C18: P | D18: =+H11 -> 0 | E18: =+D14 -> 125816171 | F18: =+E14 -> 125816171 | H18: =SUM(D18:F18) -> 251632342
A19: FLUJO DE PAGOS ACUMULADO | D19: =+D18 -> 0 | E19: =+E18+D19 -> 125816171 | F19: =+F18+E19 -> 251632342 | H19: =F19 -> 251632342
A21: FLUJO DE CAJA PARCIAL | C21: P | D21: =+D18-D14 -> -125816171 | E21: =+E18-E14 -> 0 | F21: =+F18-F14 -> 125816171
A22: FLUJO DE CAJA ACUMULADO | D22: =+D21 -> -125816171 | E22: =+E21+D22 -> -125816171 | F22: =+F21+E22 -> 0
A24: PLAN ANUAL DE CAJA (PAC)
A26: RUBRO: | B26: TIPO DE RECURSO: | D26: =+D3 -> MES 1 | E26: =+E4 -> MES 2 | F26: =+F4 -> MES 3 | G26: VIABLE
D27: =D18 -> 0 | E27: =E18 -> 125816171 | F27: =F18 -> 125816171
A30: TOTALES: | D30: =+SUM(D27:D29) -> 0 | E30: =+SUM(E27:E29) -> 125816171 | F30: =+SUM(F27:F29) -> 125816171
A31: CUMPLIMIENTO: | D31: =+IF(D30>=D18,"CUMPLE","NO CUMPLE") -> CUMPLE | E31: =+IF(E30>=E18,"CUMPLE","NO CUMPLE") -> CUMPLE | F31: =+IF(F30>=F18,"CUMPLE","NO CUMPLE") -> CUMPLE

Sheet CALCULO PRESTACIONES Y SALARIOS
A1: PRESTACIONES, SEGURIDAD SOCIAL Y PARAFISCALES
A2: VIGENTE 2024
A4: SEGURIDAD SOCIAL | C4: % TOTAL | D4: % EMPLEADOR | E4: % EMPLEADO
A5: SALUD | C5: =+D5+E5 -> 0.125 | D5: 0.085 | E5: 0.04
A6: PENSIONES | C6: =+D6+E6 -> 0.16 | D6: 0.12 | E6: 0.04
A7: RIESGOS | C7: =+D7+E7 -> 0.0696 | D7: 0.0696 | E7: 0
A8: TOTAL | C8: =SUM(C5:C7) -> 0.3546 | D8: =SUM(D5:D7) -> 0.2746 | E8: =SUM(E5:E7) -> 0.08
A11: PARAFISCALES | C11: % TOTAL | D11: % EMPLEADOR | E11: % EMPLEADO
A12: SENA | C12: =+D12+E12 -> 0.02 | D12: 0.02 | E12: 0
A13: ICBF | C13: =+D13+E13 -> 0.03 | D13: 0.03 | E13: 0
A14: CAJA DE COMPENSACION | C14: =+D14+E14 -> 0.04 | D14: 0.04 | E14: 0
A15: TOTAL | C15: =SUM(C12:C14) -> 0.09 | D15: =SUM(D12:D14) -> 0.09 | E15: 0
A18: PRESTACIONES SOCIALES | C18: % TOTAL | D18: % EMPLEADOR | E18: % EMPLEADO
A19: CESANTIAS | C19: 0.0833 | D19: 0.0833 | E19: 0
A20: INTERESES CESANTIAS | C20: =+C19*0.12 -> 0.009996 | D20: =+D19*0.12 -> 0.009996 | E20: 0
A21: VACACIONES | C21: 0.04165 | D21: 0.04165 | E21: 0
A22: PRIMA | C22: 0.0833 | D22: 0.0833 | E22: 0
A23: TOTAL | C23: =SUM(C19:C22) -> 0.218246 | D23: =SUM(D19:D22) -> 0.218246 | E23: 0
A25: ACUMULADO SEGURIDAD SOCIAL + PRESTACIONES SOCIALES | C25: =+C8+C15+C23 -> 0.662846 | D25: =+D8+D15+D23 -> 0.582846 | E25: =+E8+E15+E23 -> 0.08
A28: PRESTACIONES SOCIALES
A29: CESANTIAS | B29: Aux Ttte | C29: (SALARIO + AUX/MES) X DIAS LABORADOS
B30: X Minimo | C30: 360
A32: INTERESES CESANTIAS | C32: 12% X CESANTIAS
A34: VACACIONES | C34: 1/2 SALARIO X DIAS LABORADOS
C35: 360
A37: PRIMA | B37: Aux Ttte | C37: (1/2 SALARIO + AUX) X DIAS LABORADOS
B38: X Minimo | C38: 180
A40: BASE PARA EL 2024
A41: SALARIO MINIMO | C41: 1160000
A42: AUXILIO TRANSPORTE | C42: =1300606-1160000 -> 140606
A46: TABLA DE SUELDOS MINISTERIO DE TRANPORTE RESOLUCION 747 DEL 9 DE MARZO DE 1998
A47: AÑO | B47: VARIACION IPC DANE | C47: SUELDO
C48: DIRECTOR CATEGORIA 1 | D48: DIRECTOR CATEGORIA 2 | E48: RESIDENTE CATEGORIA 3 | F48: RESIDENTE CATEGORIA 4 | G48: RESIDENTE CATEGORIA 5 | H48: RESIDENTE CATEGORIA 6 | I48: RESIDENTE CATEGORIA 7 | J48: RESIDENTE CATEGORIA 8 | K48: TECNOLOGO AREA DE INGENIERIA | L48: AUXILIAR DE INGENIERIA | M48: COMISION DE TOPOGRAFIA | N48: ENCARGADO DE OBRA | O48: SECRETARIA | P48: ALMCENISTA | Q48: VEHICULO
A49: EXPERIENCIA GENERAL (AÑOS) | C49: 12 | D49: 10 | E49: 8 | F49: 6 | G49: 4 | H49: 3 | I49: 2 | J49: < 2
A50: EXPERIENCIA ESPECIFICA (AÑOS) | C50: 10 | D50: 7 | E50: 5 | F50: 4 | G50: 3 | H50: 1 | I50: 0 | J50: 0
A51: 1998 | B51: 0.167 | C51: 3577000 | D51: 2726000 | E51: 2300000 | F51: 1959000 | G51: 1767000 | H51: 1576000 | I51: 1192000 | J51: 1124000 | K51: 738000 | L51: 648000 | M51: =(1020000+630000+477000+415000) -> 2542000 | N51: 505000 | O51: 345000 | P51: 409000 | Q51: =1800000 -> 1800000
A52: 1999 | B52: 0.0923 | C52: =ROUND(C51*(1+$B51),0) -> 4174359 | D52: =ROUND(D51*(1+$B51),0) -> 3181242 | E52: =ROUND(E51*(1+$B51),0) -> 2684100 | F52: =ROUND(F51*(1+$B51),0) -> 2286153 | G52: =ROUND(G51*(1+$B51),0) -> 2062089 | H52: =ROUND(H51*(1+$B51),0) -> 1839192 | I52: =ROUND(I51*(1+$B51),0) -> 1391064 | J52: =ROUND(J51*(1+$B51),0) -> 1311708 | ... Q52: =ROUND(Q51*(1+$B51),0) -> 2100600
A53: 2000 | B53: 0.0875 | C53: =ROUND(C52*(1+B52),0) -> 4559652 | D53: =ROUND(D52*(1+$B52),0) -> 3474871 | E53: =ROUND(E52*(1+$B52),0) -> 2931842 | F53: =ROUND(F52*(1+$B52),0) -> 2497165 | G53: =ROUND(G52*(1+$B52),0) -> 2252420 | H53: =ROUND(H52*(1+$B52),0) -> 2008949 | I53: =ROUND(I52*(1+$B52),0) -> 1519459 | J53: =ROUND(J52*(1+$B52),0) -> 1432779 | K53: =ROUND(K52*(1+$B52),0) -> 940739 | ... Q53: =ROUND(Q52*(1+$B52),0) -> 2294485
A54: 2001 | B54: 0.0765 | C54: =ROUND(C53*(1+B53),0) -> 4958622 | D54: =ROUND(D53*(1+$B53),0) -> 3778922 | E54: =ROUND(E53*(1+$B53),0) -> 3188378 | F54: =ROUND(F53*(1+$B53),0) -> 2715667 | G54: =ROUND(G53*(1+$B53),0) -> 2449507 | H54: =ROUND(H53*(1+$B53),0) -> 2184732 | I54: =ROUND(I53*(1+$B53),0) -> 1652412 | J54: =ROUND(J53*(1+$B53),0) -> 1558147 | K54: =ROUND(K53*(1+$B53),0) -> 1023054 | ... Q54: =ROUND(Q53*(1+$B53),0) -> 2495252
A55: 2002 | B55: 0.0699 | C55: =ROUND(C54*(1+B54),0) -> 5337957 | D55: =ROUND(D54*(1+$B54),0) -> 4068010 | E55: =ROUND(E54*(1+$B54),0) -> 3432289 | F55: =ROUND(F54*(1+$B54),0) -> 2923416 | G55: =ROUND(G54*(1+$B54),0) -> 2636894 | H55: =ROUND(H54*(1+$B54),0) -> 2351864 | I55: =ROUND(I54*(1+$B54),0) -> 1778822 | J55: =ROUND(J54*(1+$B54),0) -> 1677345 | K55: =ROUND(K54*(1+$B54),0) -> 1101318 | ... Q55: =ROUND(Q54*(1+$B54),0) -> 2686139
A56: 2003 | B56: 0.0649 | C56: =ROUND(C55*(1+B55),0) -> 5711080 | D56: =ROUND(D55*(1+$B55),0) -> 4352364 | E56: =ROUND(E55*(1+$B55),0) -> 3672206 | F56: =ROUND(F55*(1+$B55),0) -> 3127763 | G56: =ROUND(G55*(1+$B55),0) -> 2821213 | H56: =ROUND(H55*(1+$B55),0) -> 2516259 | I56: =ROUND(I55*(1+$B55),0) -> 1903162 | J56: =ROUND(J55*(1+$B55),0) -> 1794591 | K56: =ROUND(K55*(1+$B55),0) -> 1178300 | ... Q56: =ROUND(Q55*(1+$B55),0) -> 2873900
A57: 2004 | B57: 0.055 | C57: =ROUND(C56*(1+B56),0) -> 6081729 | D57: =ROUND(D56*(1+$B56),0) -> 4634832 | E57: =ROUND(E56*(1+$B56),0) -> 3910532 | F57: =ROUND(F56*(1+$B56),0) -> 3330755 | G57: =ROUND(G56*(1+$B56),0) -> 3004310 | H57: =ROUND(H56*(1+$B56),0) -> 2679564 | I57: =ROUND(I56*(1+$B56),0) -> 2026677 | J57: =ROUND(J56*(1+$B56),0) -> 1911060 | K57: =ROUND(K56*(1+$B56),0) -> 1254772 | ... Q57: =ROUND(Q56*(1+$B56),0) -> 3060416
A58: 2005 | B58: 0.0485 | C58: =ROUND(C57*(1+B57),0) -> 6416224 | D58: =ROUND(D57*(1+$B57),0) -> 4889748 | E58: =ROUND(E57*(1+$B57),0) -> 4125611 | F58: =ROUND(F57*(1+$B57),0) -> 3513947 | G58: =ROUND(G57*(1+$B57),0) -> 3169547 | H58: =ROUND(H57*(1+$B57),0) -> 2826940 | I58: =ROUND(I57*(1+$B57),0) -> 2138144 | J58: =ROUND(J57*(1+$B57),0) -> 2016168 | K58: =ROUND(K57*(1+$B57),0) -> 1323784 | ... Q58: =ROUND(Q57*(1+$B57),0) -> 3228739
A59: 2006 | B59: 0.0448 | C59: =ROUND(C58*(1+B58),0) -> 6727411 | D59: =ROUND(D58*(1+$B58),0) -> 5126901 | E59: =ROUND(E58*(1+$B58),0) -> 4325703 | F59: =ROUND(F58*(1+$B58),0) -> 3684373 | G59: =ROUND(G58*(1+$B58),0) -> 3323270 | H59: =ROUND(H58*(1+$B58),0) -> 2964047 | I59: =ROUND(I58*(1+$B58),0) -> 2241844 | J59: =ROUND(J58*(1+$B58),0) -> 2113952 | K59: =ROUND(K58*(1+$B58),0) -> 1387988 | ... Q59: =ROUND(Q58*(1+$B58),0) -> 3385333
A60: 2007 | B60: 0.0569 | C60: =ROUND(C59*(1+B59),0) -> 7028799 | D60: =ROUND(D59*(1+$B59),0) -> 5356586 | E60: =ROUND(E59*(1+$B59),0) -> 4519494 | F60: =ROUND(F59*(1+$B59),0) -> 3849433 | G60: =ROUND(G59*(1+$B59),0) -> 3472152 | H60: =ROUND(H59*(1+$B59),0) -> 3096836 | I60: =ROUND(I59*(1+$B59),0) -> 2342279 | J60: =ROUND(J59*(1+$B59),0) -> 2208657 | K60: =ROUND(K59*(1+$B59),0) -> 1450170 | ... Q60: =ROUND(Q59*(1+$B59),0) -> 3536996
A61: 2008 | B61: 0.0767 | C61: =ROUND(C60*(1+B60),0) -> 7428738 | D61: =ROUND(D60*(1+$B60),0) -> 5661376 | E61: =ROUND(E60*(1+$B60),0) -> 4776653 | F61: =ROUND(F60*(1+$B60),0) -> 4068466 | G61: =ROUND(G60*(1+$B60),0) -> 3669717 | H61: =ROUND(H60*(1+$B60),0) -> 3273046 | I61: =ROUND(I60*(1+$B60),0) -> 2475555 | J61: =ROUND(J60*(1+$B60),0) -> 2334330 | K61: =ROUND(K60*(1+$B60),0) -> 1532685 | ... Q61: =ROUND(Q60*(1+$B60),0) -> 3738251
A62: 2009 | B62: 0.02 | C62: =ROUND(C61*(1+B61),0) -> 7998522 | D62: =ROUND(D61*(1+$B61),0) -> 6095604 | E62: =ROUND(E61*(1+$B61),0) -> 5143022 | F62: =ROUND(F61*(1+$B61),0) -> 4380517 | G62: =ROUND(G61*(1+$B61),0) -> 3951184 | H62: =ROUND(H61*(1+$B61),0) -> 3524089 | I62: =ROUND(I61*(1+$B61),0) -> 2665430 | J62: =ROUND(J61*(1+$B61),0) -> 2513373 | K62: =ROUND(K61*(1+$B61),0) -> 1650242 | ... Q62: =ROUND(Q61*(1+$B61),0) -> 4024975
A63: 2010 | B63: 0.0317 | C63: =ROUND(C62*(1+B62),0) -> 8158492 | D63: =ROUND(D62*(1+$B62),0) -> 6217516 | E63: =ROUND(E62*(1+$B62),0) -> 5245882 | F63: =ROUND(F62*(1+$B62),0) -> 4468127 | G63: =ROUND(G62*(1+$B62),0) -> 4030208 | H63: =ROUND(H62*(1+$B62),0) -> 3594571 | I63: =ROUND(I62*(1+$B62),0) -> 2718739 | J63: =ROUND(J62*(1+$B62),0) -> 2563640 | K63: =ROUND(K62*(1+$B62),0) -> 1683247 | ... Q63: =ROUND(Q62*(1+$B62),0) -> 4105475
A64: 2011 | B64: 0.0373 | C64: =ROUND(C63*(1+B63),0) -> 8417116 | D64: =ROUND(D63*(1+$B63),0) -> 6414611 | E64: =ROUND(E63*(1+$B63),0) -> 5412176 | F64: =ROUND(F63*(1+$B63),0) -> 4609767 | G64: =ROUND(G63*(1+$B63),0) -> 4157966 | H64: =ROUND(H63*(1+$B63),0) -> 3708519 | I64: =ROUND(I63*(1+$B63),0) -> 2804923 | J64: =ROUND(J63*(1+$B63),0) -> 2644907 | K64: =ROUND(K63*(1+$B63),0) -> 1736606 | ... Q64: =ROUND(Q63*(1+$B63),0) -> 4235619
... A76: 2023 | B76: 0.0928 | C76: =ROUND(C75*(1+B75),0) -> 14442640 | D76: =ROUND(D75*(1+$B75),0) -> 11006611 | E76: =ROUND(E75*(1+$B75),0) -> 9286566 | F76: =ROUND(F75*(1+$B75),0) -> 7909743 | G76: =ROUND(G75*(1+$B75),0) -> 7134512 | H76: =ROUND(H75*(1+$B75),0) -> 6363321 | I76: =ROUND(I75*(1+$B75),0) -> 4812874 | J76: =ROUND(J75*(1+$B75),0) -> 4538305 | K76: =ROUND(K75*(1+$B75),0) -> 2979782 | ... Q76: =ROUND(Q75*(1+$B75),0) -> 7267754
A77: 2024 | C77: =ROUND(C76*(1+B76),0) -> 15782917 | D77: =ROUND(D76*(1+$B76),0) -> 12028025 | E77: =ROUND(E76*(1+$B76),0) -> 10148359 | F77: =ROUND(F76*(1+$B76),0) -> 8643767 | G77: =ROUND(G76*(1+$B76),0) -> 7796595 | H77: =ROUND(H76*(1+$B76),0) -> 6953837 | I77: =ROUND(I76*(1+$B76),0) -> 5259509 | J77: =ROUND(J76*(1+$B76),0) -> 4959460 | K77: =ROUND(K76*(1+$B76),0) -> 3256306 | ... Q77: =ROUND(Q76*(1+$B76),0) -> 7942202

Sheet 1 RIESGOS
A1: MUNICIPIO DE ENVIGADO
A2: SECRETARÍA DE OBRAS PÚBLICAS
A3: ANÁLISIS DE RIESGOS PREVISIBLES DE LA CONTRATACIÓN
A5: OBJETO: | B5: =PRESUPUESTO!B5:F5 -> MANTENIMIENTO PREVENTIVO Y CORRECTIVO DE LOS TANQUES DE AGUA PARA LA INFRAESTRUCTURA INSTITUCIONAL SEGÚN REQUERIMIENTO DEL MUNICIPIO DE ENVIGADO
A7: Parte 1: RESUMEN: Distribución de los Riesgos Previsibles
A9: RIESGO | C9: VALOR | D9: ASIGNACIÓN
A10: ECONÓMICO Y REGULATORIO | C10: ='3 ECONOMICO'!D25 -> 0 | D10: CONTRATANTE
A11: OPERACIONAL | C11: ='4.1 Calculos Operacionales'!F31 -> 42449102 | D11: CONTRATISTA
A12: FINANCIEROS | C12: ='5 FINANCIEROS'!D25 -> 525852.14 | D12: CONTRATISTA
A13: NATURALEZA | C13: ='6 NATURALEZA'!D25 -> 3226131.7 | D13: CONTRATISTA
A14: AMBIENTALES | C14: ='7 Ambientales'!D25 -> 0 | D14: CONTRATISTA
A15: TOTAL RIESGOS | C15: =SUM(C10:C14) -> 46201086
A16: TOTAL RIESGOS CONTRATANTE | C16: =+C10 -> 0
A17: TOTAL RIESGOS CONTRATISTA | C17: =C15-C16 -> 46201086
A18: VALOR COSTO DIRECTO | C18: =+'ARU DEFINITIVO'!D64 -> 125816171
A19: CALCULO DEL PORCENTAJE DEL RIESGO, QUE SE TRANSFIERE AL CONTRATISTA: | C19: =C17/C18 -> 0.36721103

Sheet 2 POLITICA
A1: MUNICIPIO DE ENVIGADO
A2: SECRETARÍA DE OBRAS PÚBLICAS
A3: ANÁLISIS DE RIESGOS PREVISIBLES DE LA CONTRATACIÓN
A5: OBJETO: | D5: =+'1 RIESGOS'!B5 -> MANTENIMIENTO PREVENTIVO Y CORRECTIVO DE LOS TANQUES DE AGUA PARA LA INFRAESTRUCTURA INSTITUCIONAL SEGÚN REQUERIMIENTO DEL MUNICIPIO DE ENVIGADO
A7: Parte 2: Política de Gestión de los Riegos Previsibles en la Contratación Pública
B9: 2.1. ESTIMACIÓN DE RIESGOS PREVISIBLES
B10: En el ámbito del riesgo previsible, la estimación consiste en valorar la probabilidad de ocurrencia y el nivel de impacto o severidad de los riesgos que han sido tipificados, y que teniendo en cuenta su materialidad, requieren una valoración. Por lo tanto la estimación del riesgo se calculara mediante la siguiente formula: RIESGO = PROBABILIDAD x SEVERIDAD Dicha estimación, se realizara teniendo en cuenta los siguientes criterios cualitativos y cuantitativos, para calcular la probabilidad y severidad del riesgo:
B11: PROBABILIDAD
B12: ESCALA | E12: DESCRIPCIÓN | H12: VALOR
B13: 1 | C13: BAJO | E13: La probabilidad de ocurrencia del riesgo es baja, cuando en pocos contratos con objetos similares, el resultado es la ocurrencia del riesgo de un evento en los últimos diez (10) años o o cuando de la naturaleza del riesgo se pueda prever que ocurrirá remotamente. | H13: =1/10 -> 0.1
B14: 2 | C14: MEDIO - BAJO | E14: La probabilidad de ocurrencia del riesgo es media baja, si es atípica la ocurrencia del riesgo, el resultado es la ocurrencia del riesgo de un evento en los últimos cinco (5) años o; o cuando de la naturaleza del riesgo se pueda prever que su ocurrencia es inusual. | H14: =1/5 -> 0.2
B15: 3 | C15: MEDIO - ALTO | E15: La probabilidad de ocurrencia del riesgo es media alta, si es típica la ocurrencia del riesgo en la ejecución de contratos similares, el resultado es la ocurrencia del riesgo de un evento en los últimos dos (2) años o, cuando de la naturaleza del riesgo se pueda prever que ocurrirá usualmente. | H15: =1/2 -> 0.5
B16: 4 | C16: ALTO | E16: La probabilidad de ocurrencia del riesgo es alta, cuando en la generalidad de los contratos que se ejecutaron con objetos similares, el resultado es la ocurrencia del riesgo de un evento en el último año; o, cuando de la naturaleza del riesgo se pueda prever su inminencia. | H16: 1
B17: SEVERIDAD
B18: ESCALA | E18: DESCRIPCIÓN | H18: VALOR
B19: 5 | C19: BAJO | E19: Dificulta la ejecución del contrato de manera leve, de forma que aplicando medidas mínimas se pueden lograr el objeto contractual. Los sobrecostos no representan más del cinco por ciento (5%) del valor del Costo Directo del contrato | H19: Menor del 5% del Costo Directo
B20: 10 | C20: MEDIO - BAJO | E20: Afecta la ejecución del contrato de manera moderada, pero sin afectar considerablemente el equilibrio económico. Generando un impacto sobre el valor del Costo Directo del contrato entre el cinco (5%) y el quince por ciento (15%). | H20: Entre el 5% al 15% del Costo Directo
B21: 20 | C21: MEDIO - ALTO | E21: Obstruye la ejecución del contrato sustancialmente, pero aún así, permite la consecución del objeto contractual, con un incremento del valor del Costo Directo del contrato entre el quince (15%) y el treinta por ciento (30%). | H21: Entre el 15% al 30% del Costo Directo
B22: 30 | C22: ALTO | E22: Perturba la ejecución del contrato de manera grave, generando un impacto sobre el valor del Costo Directo del contrato en más del treinta por ciento (30%), imposibilitando la consecución del objeto contractual. | H22: Mayor al 30% del Costo Directo
B24: 2.2. CRITERIOS DE ASIGNACIÓN DE LOS RIESGOS PREVISIBLES
B26: SEVERIDAD | C26: ALTA | D26: 30 | E26: RIESGO MODERADO Transferir Proteger 30 | F26: RIESGO IMPORTANTE Transferir Proteger Prevenir 60 | G26: RIESGO INACEPTABLE Evitar Transferir Proteger Prevenir 90 | H26: RIESGO INACEPTABLE Evitar Transferir Proteger Prevenir 120 | J26: =+D26*$E$30 -> 30 | K26: =+D26*$F$30 -> 60 | L26: =+D26*$G$30 -> 90 | M26: =+D26*$H$30 -> 120
C27: MEDIO - ALTO | D27: 20 | E27: RIESGO TOLERABLE Proteger Transferir 20 | F27: RIESGO MODERADO Proteger Prevenir Transferir 40 | G27: RIESGO IMPORTANTE Prevenir Transferir Proteger 60 | H27: RIESGO INACEPTABLE Evitar Prevenir Transferir Proteger 80 | J27: =+D27*$E$30 -> 20 | K27: =+D27*$F$30 -> 40 | L27: =+D27*$G$30 -> 60 | M27: =+D27*$H$30 -> 80
C28: MEDIO - BAJO | D28: 10 | E28: RIESGO ACEPTABLE Aceptar 10 | F28: RIESGO TOLERABLE Prevenir Aceptar 20 | G28: RIESGO MODERADO Prevenir 30 | H28: RIESGO MODERADO Prevenir 40 | J28: =+D28*$E$30 -> 10 | K28: =+D28*$F$30 -> 20 | L28: =+D28*$G$30 -> 30 | M28: =+D28*$H$30 -> 40
C29: BAJO | D29: 5 | E29: RIESGO ACEPTABLE Aceptar 5 | F29: RIESGO ACEPTABLE Aceptar 10 | G29: RIESGO TOLERABLE Prevenir 15 | H29: RIESGO TOLERABLE Prevenir Transferir 20 | J29: =+D29*$E$30 -> 5 | K29: =+D29*$F$30 -> 10 | L29: =+D29*$G$30 -> 15 | M29: =+D29*$H$30 -> 20
E30: 1 | F30: 2 | G30: 3 | H30: 4
E31: BAJO | F31: MEDIO - BAJO | G31: MEDIO - ALTO | H31: ALTA
E32: PROBABILIDAD
G34: Observaciones:

Sheet 3 ECONOMICO
B1: POR FAVOR NO BORRE ESTAS FILAS | E1: PROBABILIDAD | F1: SEVERIDAD
C2: ALTO | D2: 1 | E2: 4 | F2: 30 | G2: =+VLOOKUP(E24,$C$2:$F$5,3,FALSE) -> 1 | I2: 20
A3: ANÁLISIS DE RIESGOS PREVISIBLES DE LA CONTRATACIÓN | C3: MEDIO - ALTO | D3: 0.5 | E3: 3 | F3: 20 | G3: =+VLOOKUP(F24,$C$2:$F$5,4,FALSE) -> 5 | I3: 10
C4: MEDIO - BAJO | D4: 0.2 | E4: 2 | F4: 10 | G4: =+G2*G3 -> 5 | I4: 10
C5: BAJO | D5: 0.1 | E5: 1 | F5: 5 | I5: 5
E6: BAJO | F6: MEDIO - BAJO | G6: MEDIO - ALTO | H6: ALTA
C8: ALTO | E8: MODERADO | F8: IMPORTANTE | G8: INACEPTABLE | H8: INACEPTABLE | I8: 20
C9: MEDIO - ALTO | E9: TOLERABLE | F9: MODERADO | G9: IMPORTANTE | H9: INACEPTABLE | I9: 10
C10: MEDIO - BAJO | E10: ACEPTABLE | F10: TOLERABLE | G10: MODERADO | H10: MODERADO | I10: 10
C11: BAJO | E11: ACEPTABLE | F11: ACEPTABLE | G11: TOLERABLE | H11: TOLERABLE | I11: 5
E12: BAJO | F12: MEDIO - BAJO | G12: MEDIO - ALTO | H12: ALTA
A14: MUNICIPIO DE ENVIGADO
A15: SECRETARÍA DE OBRAS PÚBLICAS
A16: ANÁLISIS DE RIESGOS PREVISIBLES DE LA CONTRATACIÓN
A18: OBJETO: | C18: =PRESUPUESTO!B5 -> MANTENIMIENTO PREVENTIVO Y CORRECTIVO DE LOS TANQUES DE AGUA PARA LA INFRAESTRUCTURA INSTITUCIONAL SEGÚN REQUERIMIENTO DEL MUNICIPIO DE ENVIGADO
A20: Parte 3: Tipificación, estimación y tratamiento del RIESGO ECONÓMICO
A21: RIESGO | B21: (1) | C21: VALOR COSTO DIRECTO: | D21: =+'ARU DEFINITIVO'!D9 -> 125816171 | E21: Cuando | F21: Nombre del riesgo
B22: (2) | C22: VALOR TOTAL DE LA CONSECUENCIA: | D22: 0 | E22: DURANTE | F22: ECONÓMICO Y REGULATORIO
B23: (3) = (2)/(1) | C23: PORCENTAJE DE LA CONSECUENCIA: | D23: =D22/D21 -> 0 | E23: PROBABILIDAD | F23: SEVERIDAD | G23: RIESGO
B24: (4) | C24: PROBABILIDAD DE OCURRENCIA: | D24: =+VLOOKUP(E24,C2:D5,2,FALSE) -> 0.1 | E24: BAJO | F24: =+IF(D23<=0.05,"BAJO",IF(AND(D23>0.05,D23<=0.15),"MEDIO - BAJO",IF(AND(D23>0.15,D23<=0.3),"MEDIO - ALTO","ALTO"))) -> BAJO | G24: =+IF(G4<=10,"ACEPTABLE",IF(OR(G4=15,G4=20),"TOLERABLE",IF(OR(G4=30,G4=40),"MODERADO",IF(G4=60,"IMPORTANTE",IF(G4>=80,"INACEPTABLE","NO EXISTE"))))) -> ACEPTABLE
B25: (5) = (2)x(4) | C25: VALOR DEL RIESGO: | D25: =+D22*D24 -> 0
B27: Describa lo que puede pasar si se materializa el riesgo, incluyendo las consecuencias.
B28: Son aquellos que se derivan del comportamiento del mercado, tales como la fluctuación de los precios de los insumos, desabastecimiento y especulación de los mismos, entre otros. Son los posibles cambios regulatorios o reglamentarios que siendo previsibles, afecten el equilibrio contractual.
A29: CAUSAS | B29: Describa las principales causas y agentes generadores por las cuales puede presentarse el riesgo
B30: Variación en los precios del petróleo que afectan el valor del asfalto, ya que este es un precio regula por el estado.
B31: Aumento en el valor de los salarios debido a un cambio de año en caso de que el contrato se prolongue mas tiempo.
B32: Desabastecimiento de asfalto por alta demanda en las plantas productoras de asfalto.
A34: TRATAMIENTO | B34: Distribuya las medidas de prevención, protección y transferencia, considerando el ciclo PHVA para cada medida.
B35: EL CONTRATANTE | E35: EL CONTRATISTA
B36: Se incluirá una formula de reajuste de precios para reajustar los posibles incrementos por concepto de reajuste. | E36: Presentar mensualmente acta de reajuste de precios.
B37: Se reajustará la obra en el mes de ejecución en el que fue programado en caso de presentarse retrasos en la ejecución por causas imputables al contratista.
A42: ¿ QUIEN DEBE ASUMIR O RESPONDER POR LAS PÉRDIDAS ECONÓMICAS ? | F42: EL CONTRATANTE
E44: Observaciones:

Sheet 3.1 CALCULO ECONOMICO
B1: MUNICIPIO DE ENVIGADO
B2: SECRETARIA DE OBRAS PUBLICAS
B3: ANÁLISIS DE RIESGOS PREVISIBLES DE LA CONTRATACIÓN
B5: OBJETO: | C5: =+#REF! -> #REF!
B7: Parte 3.1:
B8: Memorias de calculo del valor de las consecuencias del RIESGO ECONÓMICO Y REGULATORIO
B10: CUANTIFICACIÓN RIESGO ECONÓMICO Y REGULATORIO
B12: AÑO | C12: CONCEPTO
C13: CÓDIGO
C14: COEF. | D14: =P16 -> #DIV/0! | E14: =P17 -> #DIV/0! | F14: =P18 -> #DIV/0! | G14: =P19 -> #DIV/0! | H14: =P20 -> #DIV/0! | I14: =P21 -> #DIV/0! | J14: =P22 -> #DIV/0! | K14: =SUM(D14:J14) -> #DIV/0!
B15: 2005 | C15: ANUAL (%) | M15: N° | N15: ITEM | O15: VALOR | P15: COEFICIENTE
C16: Prom. Mensual (%) | D16: =D15/12 -> 0 | E16: =E15/12 -> 0 | F16: =F15/12 -> 0 | G16: =G15/12 -> 0 | H16: =H15/12 -> 0 | I16: =I15/12 -> 0 | J16: =J15/12 -> 0 | M16: 1 | P16: =O16/$O$23 -> #DIV/0!
B17: 2006 | C17: ANUAL (%) | M17: 2 | P17: =O17/$O$23 -> #DIV/0!
C18: Prom. Mensual (%) | D18: =D17/12 -> 0 | E18: =E17/12 -> 0 | F18: =F17/12 -> 0 | G18: =G17/12 -> 0 | H18: =H17/12 -> 0 | I18: =I17/12 -> 0 | J18: =J17/12 -> 0 | M18: 3 | P18: =O18/$O$23 -> #DIV/0!
B19: 2007 | C19: ANUAL (%) | M19: 4 | P19: =O19/$O$23 -> #DIV/0!
C20: Prom. Mensual (%) | D20: =D19/12 -> 0 | E20: =E19/12 -> 0 | F20: =F19/12 -> 0 | G20: =G19/12 -> 0 | H20: =H19/12 -> 0 | I20: =I19/12 -> 0 | J20: =J19/12 -> 0 | M20: 5 | P20: =O20/$O$23 -> #DIV/0!
B21: 2008 | C21: ANUAL (%) | M21: 6 | P21: =O21/$O$23 -> #DIV/0!
C22: Prom. Mensual (%) | D22: =D21/12 -> 0 | E22: =E21/12 -> 0 | F22: =F21/12 -> 0 | G22: =G21/12 -> 0 | H22: =H21/12 -> 0 | I22: =I21/12 -> 0 | J22: =J21/12 -> 0 | M22: 7 | P22: =O22/$O$23 -> #DIV/0!
B23: 2009 | C23: ANUAL (%) | N23: TOTAL | O23: =SUM(O16:O22) -> 0
C24: Prom. Mensual (%) | D24: =D23/12 -> 0 | E24: =E23/12 -> 0 | F24: =F23/12 -> 0 | G24: =G23/12 -> 0 | H24: =H23/12 -> 0 | I24: =I23/12 -> 0 | J24: =J23/12 -> 0 | N24: COSTO DIRECTO | O24: =#REF! -> #REF!
B25: 2010 | C25: ANUAL (%) | N25: PORCENTAJE TOTAL (%) | O25: =O23/O24 -> #REF!
C26: Prom. Mensual (%) | D26: =D25/12 -> 0 | E26: =E25/12 -> 0 | F26: =F25/12 -> 0 | G26: =G25/12 -> 0 | H26: =H25/12 -> 0 | I26: =I25/12 -> 0 | J26: =J25/12 -> 0
B27: 2011 | C27: ANUAL (%)
C28: Prom. Mensual (%) | D28: =D27/12 -> 0 | E28: =E27/12 -> 0 | F28: =F27/12 -> 0 | G28: =G27/12 -> 0 | H28: =H27/12 -> 0 | I28: =I27/12 -> 0 | J28: =J27/12 -> 0
B29: 2012 | C29: ANUAL (%)
C30: Prom. Mensual (%) | D30: =D29/12 -> 0 | E30: =E29/12 -> 0 | F30: =F29/12 -> 0 | G30: =G29/12 -> 0 | H30: =H29/12 -> 0 | I30: =I29/12 -> 0 | J30: =J29/12 -> 0
B31: 2013 | C31: ANUAL (%)
C32: Prom. Mensual (%) | D32: =D31/12 -> 0 | E32: =E31/12 -> 0 | F32: =F31/12 -> 0 | G32: =G31/12 -> 0 | H32: =H31/12 -> 0 | I32: =I31/12 -> 0 | J32: =J31/12 -> 0
B33: 2014 | C33: ANUAL (%)
C34: Prom. Mensual (%) | D34: =D33/12 -> 0 | E34: =E33/12 -> 0 | F34: =F33/12 -> 0 | G34: =G33/12 -> 0 | H34: =H33/12 -> 0 | I34: =I33/12 -> 0 | J34: =J33/12 -> 0
B35: 2015 | C35: ANUAL (%)
C36: Prom. Mensual (%) | D36: =D35/12 -> 0 | E36: =E35/12 -> 0 | F36: =F35/12 -> 0 | G36: =G35/12 -> 0 | H36: =H35/12 -> 0 | I36: =I35/12 -> 0 | J36: =J35/12 -> 0
B37: 2016 | C37: ANUAL (%)
C38: Prom. Mensual (%) | D38: =D37/12 -> 0 | E38: =E37/12 -> 0 | F38: =F37/12 -> 0 | G38: =G37/12 -> 0 | H38: =H37/12 -> 0 | I38: =I37/12 -> 0 | J38: =J37/12 -> 0
B39: 2017 | C39: ANUAL (%)
C40: Prom. Mensual (%) | D40: =D39/12 -> 0 | E40: =E39/12 -> 0 | F40: =F39/12 -> 0 | G40: =G39/12 -> 0 | H40: =H39/12 -> 0 | I40: =I39/12 -> 0 | J40: =J39/12 -> 0
B41: 2018 | C41: ANUAL (%)
C42: Prom. Mensual (%) | D42: =D41/12 -> 0 | E42: =E41/12 -> 0 | F42: =F41/12 -> 0 | G42: =G41/12 -> 0 | H42: =H41/12 -> 0 | I42: =I41/12 -> 0 | J42: =J41/12 -> 0
B43: 2019 | C43: ANUAL (%)
C44: Prom. Mensual (%) | D44: =D43/12 -> 0 | E44: =E43/12 -> 0 | F44: =F43/12 -> 0 | G44: =G43/12 -> 0 | H44: =H43/12 -> 0 | I44: =I43/12 -> 0 | J44: =J43/12 -> 0
B45: 2020 | C45: ANUAL (%)
C46: Prom. Mensual (%) | D46: =D45/12 -> 0 | E46: =E45/12 -> 0 | F46: =F45/12 -> 0 | G46: =G45/12 -> 0 | H46: =H45/12 -> 0 | I46: =I45/12 -> 0 | J46: =J45/12 -> 0
B47: PROMEDIO | C47: ANUAL (%) | D47: =AVERAGE(D15,D17,D19,D21,D23,D25,D27,D29,D31,D33,D35,D37,D39,D41,D43,D45) -> #DIV/0! | E47: =AVERAGE(E15,E17,E19,E21,E23,E25,E27,E29,E31,E33,E35,E37,E39,E41,E43,E45) -> #DIV/0! | F47: =AVERAGE(F15,F17,F19,F21,F23,F25,F27,F29,F31,F33,F35,F37,F39,F41,F43,F45) -> #DIV/0! | G47: =AVERAGE(G15,G17,G19,G21,G23,G25,G27,G29,G31,G33,G35,G37,G39,G41,G43,G45) -> #DIV/0! | H47: =AVERAGE(H15,H17,H19,H21,H23,H25,H27,H29,H31,H33,H35,H37,H39,H41,H43,H45) -> #DIV/0! | I47: =AVERAGE(I15,I17,I19,I21,I23,I25,I27,I29,I31,I33,I35,I37,I39,I41,I43,I45) -> #DIV/0! | J47: =AVERAGE(J15,J17,J19,J21,J23,J25,J27,J29,J31,J33,J35,J37,J39,J41,J43,J45) -> #DIV/0!
C48: Prom. Mensual (%) | D48: =AVERAGE(D16,D18,D20,D22,D24,D26,D28,D30,D32,D34,D36,D38,D40,D42,D44,D46) -> 0 | E48: =AVERAGE(E16,E18,E20,E22,E24,E26,E28,E30,E32,E34,E36,E38,E40,E42,E44,E46) -> 0 | F48: =AVERAGE(F16,F18,F20,F22,F24,F26,F28,F30,F32,F34,F36,F38,F40,F42,F44,F46) -> 0 | G48: =AVERAGE(G16,G18,G20,G22,G24,G26,G28,G30,G32,G34,G36,G38,G40,G42,G44,G46) -> 0 | H48: =AVERAGE(H16,H18,H20,H22,H24,H26,H28,H30,H32,H34,H36,H38,H40,H42,H44,H46) -> 0 | I48: =AVERAGE(I16,I18,I20,I22,I24,I26,I28,I30,I32,I34,I36,I38,I40,I42,I44,I46) -> 0 | J48: =AVERAGE(J16,J18,J20,J22,J24,J26,J28,J30,J32,J34,J36,J38,J40,J42,J44,J46) -> 0
B49: DESVIACIÓN | C49: ANUAL (%) | D49: =STDEV(D15,D17,D19,D21,D23,D25,D27,D29,D31,D33,D35,D37,D39,D41,D43,D46) -> #DIV/0! | E49: =STDEV(E15,E17,E19,E21,E23,E25,E27,E29,E31,E33,E35,E37,E39,E41,E43,E46) -> #DIV/0! | F49: =STDEV(F15,F17,F19,F21,F23,F25,F27,F29,F31,F33,F35,F37,F39,F41,F43,F46) -> #DIV/0! | G49: =STDEV(G15,G17,G19,G21,G23,G25,G27,G29,G31,G33,G35,G37,G39,G41,G43,G46) -> #DIV/0! | H49: =STDEV(H15,H17,H19,H21,H23,H25,H27,H29,H31,H33,H35,H37,H39,H41,H43,H46) -> #DIV/0! | I49: =STDEV(I15,I17,I19,I21,I23,I25,I27,I29,I31,I33,I35,I37,I39,I41,I43,I46) -> #DIV/0! | J49: =STDEV(J15,J17,J19,J21,J23,J25,J27,J29,J31,J33,J35,J37,J39,J41,J43,J46) -> #DIV/0!
B50: ESTÁNDAR | C50: Prom. Mensual (%) | D50: =STDEV(D16,D18,D20,D22,D24,D26,D28,D30,D32,D34,D36,D38,D40,D42,D44,D46) -> 0 | E50: =STDEV(E16,E18,E20,E22,E24,E26,E28,E30,E32,E34,E36,E38,E40,E42,E44,E46) -> 0 | F50: =STDEV(F16,F18,F20,F22,F24,F26,F28,F30,F32,F34,F36,F38,F40,F42,F44,F46) -> 0 | G50: =STDEV(G16,G18,G20,G22,G24,G26,G28,G30,G32,G34,G36,G38,G40,G42,G44,G46) -> 0 | H50: =STDEV(H16,H18,H20,H22,H24,H26,H28,H30,H32,H34,H36,H38,H40,H42,H44,H46) -> 0 | I50: =STDEV(I16,I18,I20,I22,I24,I26,I28,I30,I32,I34,I36,I38,I40,I42,I44,I46) -> 0 | J50: =STDEV(J16,J18,J20,J22,J24,J26,J28,J30,J32,J34,J36,J38,J40,J42,J44,J46) -> 0
B51: MÍNIMO | C51: ANUAL (%) | D51: =D47-D49 -> #DIV/0! | E51: =E47-E49 -> #DIV/0! | F51: =F47-F49 -> #DIV/0! | G51: =G47-G49 -> #DIV/0! | H51: =H47-H49 -> #DIV/0! | I51: =I47-I49 -> #DIV/0! | J51: =J47-J49 -> #DIV/0!
C52: Prom. Mensual (%) | D52: =D48-D50 -> 0 | E52: =E48-E50 -> 0 | F52: =F48-F50 -> 0 | G52: =G48-G50 -> 0 | H52: =H48-H50 -> 0 | I52: =I48-I50 -> 0 | J52: =J48-J50 -> 0
B53: MÁXIMO | C53: ANUAL (%) | D53: =D47+D49 -> #DIV/0! | E53: =E47+E49 -> #DIV/0! | F53: =F47+F49 -> #DIV/0! | G53: =G47+G49 -> #DIV/0! | H53: =H47+H49 -> #DIV/0! | I53: =I47+I49 -> #DIV/0! | J53: =J47+J49 -> #DIV/0!
C54: Prom. Mensual (%) | D54: =D48+D50 -> 0 | E54: =E48+E50 -> 0 | F54: =F48+F50 -> 0 | G54: =G48+G50 -> 0 | H54: =H48+H50 -> 0 | I54: =I48+I50 -> 0 | J54: =J48+J50 -> 0
B55: Fuente: | C55: Índice de costos de la construcción de CAMACOL
C57: FACTOR DE REAJUSTE MENSUAL | D57: ="FACTOR REAJUSTE DE "&D12 -> FACTOR REAJUSTE DE | E57: ="FACTOR REAJUSTE DE "&E12 -> FACTOR REAJUSTE DE | F57: ="FACTOR REAJUSTE DE "&F12 -> FACTOR REAJUSTE DE | G57: ="FACTOR REAJUSTE DE "&G12 -> FACTOR REAJUSTE DE | H57: ="FACTOR REAJUSTE DE "&H12 -> FACTOR REAJUSTE DE | I57: ="FACTOR REAJUSTE DE "&I12 -> FACTOR REAJUSTE DE | J57: ="FACTOR REAJUSTE DE "&J12 -> FACTOR REAJUSTE DE
B58: PROMEDIO | C58: =SUM(D58:J58) -> #DIV/0! | D58: =D48*D14/100 -> #DIV/0! | E58: =E48*E14/100 -> #DIV/0! | F58: =F48*F14/100 -> #DIV/0! | G58: =G48*G14/100 -> #DIV/0! | H58: =H48*H14/100 -> #DIV/0! | I58: =I48*I14/100 -> #DIV/0! | J58: =J48*J14/100 -> #DIV/0!
B59: MÍNIMO | C59: =SUM(D59:J59) -> #DIV/0! | D59: =D14*D52/100 -> #DIV/0! | E59: =E14*E52/100 -> #DIV/0! | F59: =F14*F52/100 -> #DIV/0! | G59: =G14*G52/100 -> #DIV/0! | H59: =H14*H52/100 -> #DIV/0! | I59: =I14*I52/100 -> #DIV/0! | J59: =J14*J52/100 -> #DIV/0!
B60: MÁXIMO | C60: =SUM(D60:J60) -> #DIV/0! | D60: =D54*D14/100 -> #DIV/0! | E60: =E54*E14/100 -> #DIV/0! | F60: =F54*F14/100 -> #DIV/0! | G60: =G54*G14/100 -> #DIV/0! | H60: =H54*H14/100 -> #DIV/0! | I60: =I54*I14/100 -> #DIV/0! | J60: =J54*J14/100 -> #DIV/0!
B63: PROMEDIO
B64: PAGO No. | C64: VALOR NETO | D64: Factor de reajuste | E64: Valor reajuste
B65: 1 | C65: =+'FLUJO DE CAJA'!D14 -> 125816171 | D65: =$C$58*B65 -> #DIV/0! | E65: =C65*D65 -> #DIV/0!
B66: 2 | C66: =+'FLUJO DE CAJA'!E14 -> 125816171 | D66: =$C$58*B66 -> #DIV/0! | E66: =C66*D66 -> #DIV/0!
B67: 3 | C67: =+'FLUJO DE CAJA'!F14 -> 0 | D67: =$C$58*B67 -> #DIV/0! | E67: =C67*D67 -> #DIV/0!
B68: 4 | C68: =+'FLUJO DE CAJA'!#REF! -> #REF! | D68: =$C$58*B68 -> #DIV/0! | E68: =C68*D68 -> #REF!
B69: 5 | C69: =+'FLUJO DE CAJA'!#REF! -> #REF! | D69: =$C$58*B69 -> #DIV/0! | E69: =C69*D69 -> #REF!
B70: 6 | C70: =+'FLUJO DE CAJA'!#REF! -> #REF! | D70: =$C$58*B70 -> #DIV/0! | E70: =C70*D70 -> #REF!
B71: 7 | C71: =+'FLUJO DE CAJA'!#REF! -> #REF! | D71: =$C$58*B71 -> #DIV/0! | E71: =C71*D71 -> #REF!
B72: 8 | C72: =+'FLUJO DE CAJA'!#REF! -> #REF! | D72: =$C$58*B72 -> #DIV/0! | E72: =C72*D72 -> #REF!
B73: 9 | C73: =+'FLUJO DE CAJA'!#REF! -> #REF! | D73: =$C$58*B73 -> #DIV/0! | E73: =C73*D73 -> #REF!
B74: 10 | C74: =+'FLUJO DE CAJA'!#REF! -> #REF! | D74: =$C$58*B74 -> #DIV/0! | E74: =C74*D74 -> #REF!
B75: 11 | C75: =+'FLUJO DE CAJA'!#REF! -> #REF! | D75: =$C$58*B75 -> #DIV/0! | E75: =C75*D75 -> #REF!
B76: 12 | C76: =+'FLUJO DE CAJA'!#REF! -> #REF! | D76: =$C$58*B76 -> #DIV/0! | E76: =C76*D76 -> #REF!
B77: 13 | C77: =+'FLUJO DE CAJA'!#REF! -> #REF! | D77: =$C$58*B77 -> #DIV/0! | E77: =C77*D77 -> #REF!
B78: 14 | C78: =+'FLUJO DE CAJA'!#REF! -> #REF! | D78: =$C$58*B78 -> #DIV/0! | E78: =C78*D78 -> #REF!
B79: 15 | C79: =+'FLUJO DE CAJA'!#REF! -> #REF! | D79: =$C$58*B79 -> #DIV/0! | E79: =C79*D79 -> #REF!
... B82: 18 | C82: =+'FLUJO DE CAJA'!#REF! -> #REF! | D82: =$C$58*B82 -> #DIV/0! | E82: =C82*D82 -> #REF!
B83: TOTALES | C83: =SUM(C65:C82) -> #REF! | E83: =SUM(E65:E82) -> #DIV/0!
B84: VALOR COSTO DIRECTO DEL CONTRATO: | E84: =+#REF! -> #REF!
B85: % DE REAJUSTE | E85: =IF(E83/E84<0.02,0.02,E83/E84) -> #DIV/0!
B87: MÍNIMO
B88: PAGO No. | C88: VALOR NETO | D88: Factor de reajuste | E88: Valor reajuste
B89: 1 | C89: =C65 -> 125816171 | D89: =$C$59*B89 -> #DIV/0! | E89: =C89*D89 -> #DIV/0!
B90: 2 | C90: =C66 -> 125816171 | D90: =$C$59*B90 -> #DIV/0! | E90: =C90*D90 -> #DIV/0!
B91: 3 | C91: =C67 -> 0 | D91: =$C$59*B91 -> #DIV/0! | E91: =C91*D91 -> #DIV/0!
B92: 4 | C92: =C68 -> #REF! | D92: =$C$59*B92 -> #DIV/0! | E92: =C92*D92 -> #REF!
B93: 5 | C93: =C69 -> #REF! | D93: =$C$59*B93 -> #DIV/0! | E93: =C93*D93 -> #REF!
B94: 6 | C94: =C70 -> #REF! | D94: =$C$59*B94 -> #DIV/0! | E94: =C94*D94 -> #REF!
B95: 7 | C95: =C71 -> #REF! | D95: =$C$59*B95 -> #DIV/0! | E95: =C95*D95 -> #REF!
B96: 8 | C96: =C72 -> #REF! | D96: =$C$59*B96 -> #DIV/0! | E96: =C96*D96 -> #REF!
B97: 9 | C97: =C73 -> #REF! | D97: =$C$59*B97 -> #DIV/0! | E97: =C97*D97 -> #REF!
B98: 10 | C98: =C74 -> #REF! | D98: =$C$59*B98 -> #DIV/0! | E98: =C98*D98 -> #REF!
B99: 11 | C99: =C75 -> #REF! | D99: =$C$59*B99 -> #DIV/0! | E99: =C99*D99 -> #REF!
B100: 12 | C100: =C76 -> #REF! | D100: =$C$59*B100 -> #DIV/0! | E100: =C100*D100 -> #REF!
... B106: 18 | C106: =C82 -> #REF! | D106: =$C$59*B106 -> #DIV/0! | E106: =C106*D106 -> #REF!
B107: 19 | C107: =#REF! -> #REF! | D107: =$C$59*B107 -> #DIV/0! | E107: =C107*D107 -> #REF!
B108: TOTALES | C108: =SUM(C89:C107) -> #REF! | E108: =SUM(E89:E107) -> #DIV/0!
B109: VALOR COSTO DIRECTO DEL CONTRATO: | E109: =+E84 -> #REF!
B110: % DE REAJUSTE | E110: =E108/E109 -> #DIV/0!
B112: MÁXIMO
B113: PAGO No. | C113: VALOR NETO | D113: Factor de reajuste | E113: Valor reajuste
B114: 1 | C114: =C89 -> 125816171 | D114: =$C$60*B114 -> #DIV/0! | E114: =C114*D114 -> #DIV/0!
B115: 2 | C115: =C90 -> 125816171 | D115: =$C$60*B115 -> #DIV/0! | E115: =C115*D115 -> #DIV/0!
B116: 3 | C116: =C91 -> 0 | D116: =$C$60*B116 -> #DIV/0! | E116: =C116*D116 -> #DIV/0!
...

Sheet INDICES CAMACOL
A1: VARIACIONES DE INDICES DE CAMACOL
A2: CONCEPTO | C2: CODIGO | D2: VARIACIÓN ANUAL 2005 | F2: VARIACIÓN ANUAL 2006 | H2: VARIACIÓN ANUAL 2007 | J2: VARIACIÓN ANUAL 2008 | L2: VARIACIÓN ANUAL 2009 | N2: VARIACIÓN ANUAL 2010 | P2: VARIACIÓN ANUAL 2011 | R2: VARIACIÓN ANUAL 2012 | T2: VARIACIÓN ANUAL 2013 | V2: VARIACIÓN ANUAL 2014 | X2: VARIACIÓN ANUAL 2015 | Z2: VARIACIÓN ANUAL 2016 | AB2: VARIACIÓN ANUAL 2017 | AD2: VARIACIÓN ANUAL 2018 | AF2: VARIACIÓN ANUAL 2019 | AH2: VARIACIÓN ANUAL 2020
A3: TOTAL MANO DE OBRA | C3: TMO | D3: 9.89 | F3: 7.68 | H3: 7.46 | J3: 7.8 | L3: 6.66 | N3: 3.11 | P3: 3.82 | R3: 6.81 | T3: 2.06 | V3: 1.8 | X3: 3.06 | Z3: 7.52 | AB3: 4.87 | AD3: 4.85 | AF3: 3.29 | AH3: 3.6
A4: CEMENTO | C4: CE | D4: -33.78 | F4: 60.16 | H4: 6.83 | J4: 12.38 | L4: 13.4 | N4: 0.01 | P4: 9.78 | R4: 11.21 | T4: 0.42 | V4: 2.02 | X4: 3.96 | Z4: -8.95 | AB4: -5.15 | AD4: 4.77 | AF4: 14.85 | AH4: 4.9
A5: CONCRETO PREMEZCLADO | C5: CO | D5: 0 | F5: 0 | H5: 0 | J5: 0 | L5: 0 | N5: 0.95 | P5: 2 | R5: 15.9 | T5: 3 | V5: 3 | X5: 9.5 | Z5: 10 | AB5: 9.6 | AD5: 0 | AF5: 9.18 | AH5: 11.29
A6: PREFABRICADOS | C6: PR | D6: 1.14 | F6: 9.39 | H6: 16.89 | J6: 15.58 | L6: 0.69 | N6: 4.02 | P6: 3 | R6: 7.95 | T6: -3.84 | V6: 21.42 | X6: 0 | Z6: 11.18 | AB6: 3.3 | AD6: -1.95 | AF6: -2.8 | AH6: 9.04
A7: AGREGADOS MINERALES | C7: AM | D7: 4.89 | F7: 12.61 | H7: 13.92 | J7: 4.96 | L7: 2.02 | N7: 5.3 | P7: 10.57 | R7: 2.94 | T7: 4.38 | V7: 3.09 | X7: 6 | Z7: -8.04 | AB7: 14.86 | AD7: 3.07 | AF7: 5.14 | AH7: 2.38
A8: HIERRO | C8: HI | D8: -6.82 | F8: 24.12 | H8: 2.66 | J8: 4.45 | L8: -13.12 | N8: -5.92 | P8: 39.16 | R8: -10.53 | T8: 1.82 | V8: 2.78 | X8: 8.99 | Z8: -3.11 | AB8: 13.82 | AD8: 18.51 | AF8: 1.4 | AH8: 18.58
A9: MADERA PARA CONSTRUCCIÓN | C9: MA | D9: 15.29 | F9: 14.87 | H9: 1.63 | J9: 0 | L9: 0 | N9: 9.82 | P9: 3.48 | R9: 27.86 | T9: 7.53 | V9: 0 | X9: -0.21 | Z9: -1.34 | AB9: 86.26 | AD9: 8.08 | AF9: 2.04 | AH9: 10.15
A10: MATERIALES PARA MAMPOSTERIA | C10: MM | D10: 8.22 | F10: 13.23 | H10: 4.68 | J10: 8.19 | L10: 2.19 | N10: 1.85 | P10: 1.13 | R10: 2.8 | T10: 2.45 | V10: 5.55 | X10: 15.13 | Z10: 8.59 | AB10: 6.43 | AD10: 2.4 | AF10: 3.2 | AH10: 5.08
A11: MAT.INST.HIDRAULICA SANITARIA | C11: IHS | D11: 19.69 | F11: 3.22 | H11: -10.69 | J11: 19.61 | L11: 15.01 | N11: 7.58 | P11: 9.56 | R11: 1.97 | T11: 9.13 | V11: 8.93 | X11: 14.63 | Z11: 6.51 | AB11: 13.85 | AD11: -3.1 | AF11: 6.15 | AH11: 12.52
A12: INST. ELECTRICA Y TELEFONICA | C12: IET | D12: 33.79 | F12: 22.16 | H12: 5.81 | J12: 25.13 | L12: 0.61 | N12: -1.93 | P12: 8.64 | R12: -6.48 | T12: -0.27 | V12: 5.18 | X12: 14.27 | Z12: 3.13 | AB12: 14.89 | AD12: -2.21 | AF12: 5.21 | AH12: 16.58
A13: MATERIALES PARA CUBIERTA | C13: MC | D13: 28.5 | F13: 9.08 | H13: 13.54 | J13: 20.98 | L13: -1.47 | N13: 4.01 | P13: 2.73 | R13: 5.64 | T13: 1.08 | V13: -0.89 | X13: -1.22 | Z13: 11.16 | AB13: 2.85 | AD13: 0.65 | AF13: 0.72 | AH13: 4.38
A14: TOTAL MATERIALES OBRA NEGRA | C14: TMON | D14: 6 | F14: 14.6 | H14: 3.47 | J14: 10.77 | L14: 0.05 | N14: 2.01 | P14: 10.11 | R14: 1.42 | T14: 3.42 | V14: 4.1 | X14: 9.64 | Z14: 3.57 | AB14: 13.47 | AD14: 2.97 | AF14: 5.06 | AH14: 11.7
A15: PISOS | C15: PIS | D15: 9.58 | F15: 4.3 | H15: 5.36 | J15: 6.72 | L15: 9.95 | N15: 1.93 | P15: 4.09 | R15: 3.15 | T15: 5.1 | V15: 0.48 | X15: 8.05 | Z15: 3.84 | AB15: 14.32 | AD15: 0.65 | AF15: 2.94 | AH15: 7.55
... A105: VIDRIO | C105: VI | D105: 7 | F105: 3.44 | H105: 6.72 | J105: 1.66 | L105: 0 | N105: 25.38 | P105: -3.23 | R105: 2.93 | T105: -7.07 | V105: -10.62 | X105: -22.27 | Z105: -8.84 | AB105: 25.82 | AD105: 9.4 | AF105: -1.01 | AH105: 19.86
A106: INDICES DE ADITIVOS
A107: CEMENTICIOS | C107: CEM | D107: 3.36 | F107: 6.4 | H107: 6.49 | J107: 3.62 | L107: 2.87 | N107: 2.83 | P107: 0.06 | R107: 3.74 | T107: 0.06 | V107: 3.87 | X107: 5.43 | Z107: 0.42 | AB107: 0.42 | AD107: 18.33 | AF107: 0.16 | AH107: 1.02
A108: CEMENTOS MODIFICADOS | C108: CEMO | D108: 3.17 | F108: 6.91 | H108: 7.2 | J108: 5.52 | L108: 1.42 | N108: -0.77 | P108: -7.67 | R108: 0.05 | T108: 7.66 | V108: 3.65 | X108: 4.71 | Z108: -0.36 | AB108: 13.69 | AD108: 12.58 | AF108: 20.03 | AH108: 19.6
A109: EPÓXICOS (ADHERENTES) | C109: EPX | D109: 5.12 | F109: 7.05 | H109: 5.99 | J109: 4.34 | L109: 4.03 | N109: 13.17 | P109: -1.17 | R109: -1.37 | T109: 4.61 | V109: 3.53 | X109: 4.26 | Z109: 3.55 | AB109: 8.28 | AD109: 14.33 | AF109: -5.31 | AH109: 15.45
A110: MATERIALES COMPUESTOS | C110: MCO | D110: 13.88 | F110: 3.77 | H110: 5 | J110: 1.06 | L110: 4.01 | N110: -7.94 | P110: 8.5 | R110: 4.33 | T110: 7.58 | V110: 5.94 | X110: 59.17 | Z110: 10.02 | AB110: 0 | AD110: 0 | AF110: 0 | AH110: 0

Sheet 4 OPERACIONALES
B1: POR FAVOR NO BORRE ESTAS FILAS | E1: PROBABILIDAD | F1: SEVERIDAD
C2: ALTO | D2: 1 | E2: 4 | F2: 30 | G2: =+VLOOKUP(E24,$C$2:$F$5,3,FALSE) -> 1 | I2: 20
A3: ANÁLISIS DE RIESGOS PREVISIBLES DE LA CONTRATACIÓN | C3: MEDIO - ALTO | D3: 0.5 | E3: 3 | F3: 20 | G3: =+VLOOKUP(F24,$C$2:$F$5,4,FALSE) -> 30 | I3: 10
C4: MEDIO - BAJO | D4: 0.2 | E4: 2 | F4: 10 | G4: =+G2*G3 -> 30 | I4: 10
C5: BAJO | D5: 0.1 | E5: 1 | F5: 5 | I5: 5
E6: BAJO | F6: MEDIO - BAJO | G6: MEDIO - ALTO | H6: ALTA
C8: ALTO | E8: MODERADO | F8: IMPORTANTE | G8: INACEPTABLE | H8: INACEPTABLE | I8: 20
C9: MEDIO - ALTO | E9: TOLERABLE | F9: MODERADO | G9: IMPORTANTE | H9: INACEPTABLE | I9: 10
C10: MEDIO - BAJO | E10: ACEPTABLE | F10: TOLERABLE | G10: MODERADO | H10: MODERADO | I10: 10
C11: BAJO | E11: ACEPTABLE | F11: ACEPTABLE | G11: TOLERABLE | H11: TOLERABLE | I11: 5
E12: BAJO | F12: MEDIO - BAJO | G12: MEDIO - ALTO | H12: ALTA
A14: MUNICIPIO DE ENVIGADO
A15: SECRETARÍA DE OBRAS PÚBLICAS
A16: ANÁLISIS DE RIESGOS PREVISIBLES DE LA CONTRATACIÓN
A18: OBJETO: | C18: =+'3 ECONOMICO'!C18:H18 -> MANTENIMIENTO PREVENTIVO Y CORRECTIVO DE LOS TANQUES DE AGUA PARA LA INFRAESTRUCTURA INSTITUCIONAL SEGÚN REQUERIMIENTO DEL MUNICIPIO DE ENVIGADO
A20: Parte 4: Tipificación, estimación y tratamiento del RIESGO OPERACIONALES
A21: RIESGO | B21: (1) | C21: VALOR COSTO DIRECTO: | D21: =+'ARU DEFINITIVO'!D9 -> 125816171 | E21: Cuando | F21: Nombre del riesgo
B22: (2) | C22: VALOR TOTAL DE LA CONSECUENCIA: | D22: =+'4.1 Calculos Operacionales'!F31 -> 42449102 | E22: DURANTE | F22: OPERACIONALES
B23: (3) = (2)/(1) | C23: PORCENTAJE DE LA CONSECUENCIA: | D23: =+D22/D21 -> 0.33738987 | E23: PROBABILIDAD | F23: SEVERIDAD | G23: RIESGO
B24: (4) | C24: PROBABILIDAD DE OCURRENCIA: | D24: =+VLOOKUP(E24,C2:D5,2,FALSE) -> 0.1 | E24: BAJO | F24: =+IF(D23<=0.05,"BAJO",IF(AND(D23>0.05,D23<=0.15),"MEDIO - BAJO",IF(AND(D23>0.15,D23<=0.3),"MEDIO - ALTO","ALTO"))) -> ALTO | G24: =+IF(G4<=10,"ACEPTABLE",IF(OR(G4=15,G4=20),"TOLERABLE",IF(OR(G4=30,G4=40),"MODERADO",IF(G4=60,"IMPORTANTE",IF(G4>=80,"INACEPTABLE","NO EXISTE"))))) -> MODERADO
B25: (5) = (2)x(4) | C25: VALOR DEL RIESGO: | D25: =+D22*D24 -> 4244910.2
B27: Describa lo que puede pasar si se materializa el riesgo, incluyendo las consecuencias.
B28: Son aquellos riesgos asociados a la operatividad del contrato. La posibilidad de que el monto de la inversión no sea el previsto para cumplir el objeto del contrato. También se presenta la extensión del plazo, cuando los contratos se realizan en tiempos distintos a los inicialmente programados por circunstancias no imputables a las partes. Adicionalmente, se presenta por la posibilidad de no obtención del objeto del contrato.
A29: CAUSAS | B29: Describa las principales causas y agentes generadores por las cuales puede presentarse el riesgo
B30: Inadecuados procesos, procedimientos, parámetros, sistemas de información y tecnológicos, equipos humanos o técnicos sin que los mismos sean imputables a las partes.
B31: No alcanzar los resultados de laboratorio necesarios para poder continuar con el proceso constructivo
A32: TRATAMIENTO | B32: Distribuya las medidas de prevención, protección y transferencia, considerando el ciclo PHVA para cada medida.
B33: EL CONTRATANTE | E33: EL CONTRATISTA
B34: Especificaciones técnicas adecuadas | E34: Programación y seguimiento de programación de Obra.
B35: Exigir programación de obra y seguimiento de la misma | E35: Contratación de personal idóneo y con la experiencia exigida.
B36: Interventoría idónea contratada. | E36: Seguimiento y control técnico y de laboratorio del cumplimiento de especificaciones técnicas
A38: ¿ QUIEN DEBE ASUMIR O RESPONDER POR LAS PÉRDIDAS ECONÓMICAS ? | F38: EL CONTRATISTA

Sheet 4.1 Calculos Operacionales
A1: MUNICIPIO DE ENVIGADO
A2: SECRETARÍA DE OBRAS PÚBLICAS
A3: ANÁLISIS DE RIESGOS PREVISIBLES DE LA CONTRATACIÓN
A5: OBJETO: | B5: =PRESUPUESTO!B5:F5 -> MANTENIMIENTO PREVENTIVO Y CORRECTIVO DE LOS TANQUES DE AGUA PARA LA INFRAESTRUCTURA INSTITUCIONAL SEGÚN REQUERIMIENTO DEL MUNICIPIO DE ENVIGADO
A7: Parte 4.1: Memorias de calculo del valor de las consecuencias del RIESGO OPERACIONALES
A9: TOTAL COSTO DIRECTO | D9: =PRESUPUESTO!F14 -> 125816171
A11: 1. PERSONAL ADMINISTRATIVO DE OBRA | B11: CANT. | C11: MESES | D11: SUELDO | E11: PRESTACIONES | F11: V/R TOTAL | G11: %
A12: =+'ARU DEFINITIVO'!A14 -> DIRECTOR DE OBRA | B12: =+'ARU DEFINITIVO'!B14 -> 1 | C12: =12/24 -> 0.5 | D12: =+'ARU DEFINITIVO'!D14 -> 12028025 | E12: 0.582846 | F12: =D12*(1+E12)*C12*B12 -> 9519255.6 | G12: =+F12/$D$9 -> 0.075660033
A13: =+'ARU DEFINITIVO'!A15 -> RESIDENTE DE ESTRUCTURA Y PUENTES | B13: =+'ARU DEFINITIVO'!B15 -> 1 | C13: =12/24 -> 0.5 | D13: =+'ARU DEFINITIVO'!D15 -> 7796595 | E13: 0.582846 | F13: =D13*(1+E13)*C13*B13 -> 6170404.6 | G13: =+F13/$D$9 -> 0.049043017
A14: =+'ARU DEFINITIVO'!A16 -> RESIDENTE DE URBANISMO | B14: =+'ARU DEFINITIVO'!B16 -> 1 | C14: =12/24 -> 0.5 | D14: =+'ARU DEFINITIVO'!D16 -> 7796595 | E14: 0.582846 | F14: =D14*(1+E14)*C14*B14 -> 6170404.6 | G14: =+F14/$D$9 -> 0.049043017
A15: =+'ARU DEFINITIVO'!A17 -> INGENIERO RESIDENTE DE OBRA | B15: =+'ARU DEFINITIVO'!B17 -> 1 | C15: =12/24 -> 0.5 | D15: =+'ARU DEFINITIVO'!D17 -> 6953837 | E15: 0.582846 | F15: =D15*(1+E15)*C15*B15 -> 5503426.5 | G15: =+F15/$D$9 -> 0.043741806
A16: =+'ARU DEFINITIVO'!A18 -> PROFESIONAL AMBIENTAL | B16: =+'ARU DEFINITIVO'!B18 -> 1 | C16: =12/24 -> 0.5 | D16: =+'ARU DEFINITIVO'!D18 -> 5259509 | E16: 0.582846 | F16: =D16*(1+E16)*C16*B16 -> 4162496.4 | G16: =+F16/$D$9 -> 0.033083954
A17: =+'ARU DEFINITIVO'!A19 -> RESIDENTE FORESTAL | B17: =+'ARU DEFINITIVO'!B19 -> 1 | C17: =12/24 -> 0.5 | D17: =+'ARU DEFINITIVO'!D19 -> 5259509 | E17: 0.582846 | F17: =D17*(1+E17)*C17*B17 -> 4162496.4 | G17: =+F17/$D$9 -> 0.033083954
A18: =+'ARU DEFINITIVO'!A20 -> RESIDENTE DE SEGURIDAD Y SALUD EN EL TRABAJO --SST | B18: =+'ARU DEFINITIVO'!B20 -> 1 | C18: =12/24 -> 0.5 | D18: =+'ARU DEFINITIVO'!D20 -> 4959460 | E18: 0.582846 | F18: =D18*(1+E18)*C18*B18 -> 3925030.7 | G18: =+F18/$D$9 -> 0.031196552
A19: =+'ARU DEFINITIVO'!A21 -> ALMACENISTA | B19: =+'ARU DEFINITIVO'!B21 -> 1 | C19: =12/24 -> 0.5 | D19: =+'ARU DEFINITIVO'!D21 -> 1804648 | E19: 0.582846 | F19: =D19*(1+E19)*C19*B19 -> 1428239.9 | G19: =+F19/$D$9 -> 0.011351799
A20: TOTAL PERSONAL ADMINISTRATIVO DE OBRA | F20: =SUM(F12:F19) -> 41041755 | G20: =SUM(G12:G19) -> 0.32620413
A22: 2. GASTOS ADMINISTRATIVOS DE OFICINA | B22: % | C22: MESES | D22: SUELDO | E22: PRESTACIONES | F22: V/R TOTAL | G22: %
A23: =+'ARU DEFINITIVO'!A25 -> GERENCIA | B23: =+'ARU DEFINITIVO'!B25 -> 0.1 | C23: =+C12 -> 0.5 | D23: =+'ARU DEFINITIVO'!D25 -> 10148359 | E23: =+'ARU DEFINITIVO'!E25 -> 0.582846 | F23: =D23*(1+E23)*C23*B23 -> 803164.47 | G23: =+F23/$D$9 -> 0.0063836347
A24: =+'ARU DEFINITIVO'!A26 -> SECRETARIA | B24: =+'ARU DEFINITIVO'!B26 -> 0.1 | C24: =+$C$12 -> 0.5 | D24: =+'ARU DEFINITIVO'!D26 -> 1522257 | E24: =+'ARU DEFINITIVO'!E26 -> 0.582846 | F24: =D24*(1+E24)*C24*B24 -> 120474.92 | G24: =+F24/$D$9 -> 0.00095754718
A25: =+'ARU DEFINITIVO'!A27 -> CONTADORA | B25: =+'ARU DEFINITIVO'!B27 -> 0.1 | C25: =+$C$12 -> 0.5 | D25: =+'ARU DEFINITIVO'!D27 -> 2540250 | E25: =+'ARU DEFINITIVO'!E27 -> 0.582846 | F25: =D25*(1+E25)*C25*B25 -> 201041.23 | G25: =+F25/$D$9 -> 0.0015978966
A26: =+'ARU DEFINITIVO'!A28 -> MENSAJERO | B26: =+'ARU DEFINITIVO'!B28 -> 0.1 | C26: =+$C$12 -> 0.5 | D26: =+'ARU DEFINITIVO'!D28 -> 1360415 | E26: =+'ARU DEFINITIVO'!E28 -> 0.582846 | F26: =D26*(1+E26)*C26*B26 -> 107666.37 | G26: =+F26/$D$9 -> 0.00085574351
A27: =+'ARU DEFINITIVO'!A29 -> ALQUILER OFICINA | B27: =+'ARU DEFINITIVO'!B29 -> 0.1 | C27: =+$C$12 -> 0.5 | D27: =+'ARU DEFINITIVO'!D29 -> 3000000 | E27: =+'ARU DEFINITIVO'!E29 -> 0 | F27: =D27*(1+E27)*C27*B27 -> 150000 | G27: =+F27/$D$9 -> 0.0011922156
A28: =+'ARU DEFINITIVO'!A30 -> SERVICIOS PÚBLICOS | B28: =+'ARU DEFINITIVO'!B30 -> 0.1 | C28: =+$C$12 -> 0.5 | D28: =+'ARU DEFINITIVO'!D30 -> 500000 | E28: =+'ARU DEFINITIVO'!E30 -> 0 | F28: =D28*(1+E28)*C28*B28 -> 25000 | G28: =+F28/$D$9 -> 0.0001987026
A29: TOTAL GASTOS ADMINISTRATIVOS DE OFICINA | F29: =SUM(F23:F28) -> 1407347 | G29: =SUM(G23:G28) -> 0.01118574
A31: VALOR TOTAL RIESGO OPERACIONAL | F31: =F20+F29 -> 42449102 | G31: =G29+G20 -> 0.33738987
E34: Observaciones:

Sheet 5 FINANCIEROS
B1: POR FAVOR NO BORRE ESTAS FILAS | E1: PROBABILIDAD | F1: SEVERIDAD
C2: ALTO | D2: 1 | E2: 4 | F2: 30 | G2: =+VLOOKUP(E24,$C$2:$F$5,3,FALSE) -> 1 | I2: 20
A3: ANÁLISIS DE RIESGOS PREVISIBLES DE LA CONTRATACIÓN | C3: MEDIO - ALTO | D3: 0.5 | E3: 3 | F3: 20 | G3: =+VLOOKUP(F24,$C$2:$F$5,4,FALSE) -> 5 | I3: 10
C4: MEDIO - BAJO | D4: 0.2 | E4: 2 | F4: 10 | G4: =+G2*G3 -> 5 | I4: 10
C5: BAJO | D5: 0.1 | E5: 1 | F5: 5 | I5: 5
E6: BAJO | F6: MEDIO - BAJO | G6: MEDIO - ALTO | H6: ALTA
C8: ALTO | E8: MODERADO | F8: IMPORTANTE | G8: INACEPTABLE | H8: INACEPTABLE | I8: 20
C9: MEDIO - ALTO | E9: TOLERABLE | F9: MODERADO | G9: IMPORTANTE | H9: INACEPTABLE | I9: 10
C10: MEDIO - BAJO | E10: ACEPTABLE | F10: TOLERABLE | G10: MODERADO | H10: MODERADO | I10: 10
C11: BAJO | E11: ACEPTABLE | F11: ACEPTABLE | G11: TOLERABLE | H11: TOLERABLE | I11: 5
E12: BAJO | F12: MEDIO - BAJO | G12: MEDIO - ALTO | H12: ALTA
A14: MUNICIPIO DE ENVIGADO
A15: SECRETARÍA DE OBRAS PÚBLICAS
A16: ANÁLISIS DE RIESGOS PREVISIBLES DE LA CONTRATACIÓN
A18: OBJETO: | C18: =PRESUPUESTO!B5 -> MANTENIMIENTO PREVENTIVO Y CORRECTIVO DE LOS TANQUES DE AGUA PARA LA INFRAESTRUCTURA INSTITUCIONAL SEGÚN REQUERIMIENTO DEL MUNICIPIO DE ENVIGADO
A20: Parte 5: Tipificación, estimación y tratamiento del RIESGO FINANCIERO
A21: RIESGO | B21: (1) | C21: VALOR COSTO DIRECTO: | D21: ='ARU DEFINITIVO'!D9 -> 125816171 | E21: Cuando | F21: Nombre del riesgo
B22: (2) | C22: VALOR TOTAL DE LA CONSECUENCIA: | D22: =+'5.1 Calculo Financiero'!F16 -> 5258521.4 | E22: DURANTE | F22: FINANCIEROS
B23: (3) = (2)/(1) | C23: PORCENTAJE DE LA CONSECUENCIA: | D23: =+D22/D21 -> 0.041795275 | E23: PROBABILIDAD | F23: SEVERIDAD | G23: RIESGO
B24: (4) | C24: PROBABILIDAD DE OCURRENCIA: | D24: =+VLOOKUP(E24,C2:D5,2,FALSE) -> 0.1 | E24: BAJO | F24: =+IF(D23<=0.05,"BAJO",IF(AND(D23>0.05,D23<=0.15),"MEDIO - BAJO",IF(AND(D23>0.15,D23<=0.3),"MEDIO - ALTO","ALTO"))) -> BAJO | G24: =+IF(G4<=10,"ACEPTABLE",IF(OR(G4=15,G4=20),"TOLERABLE",IF(OR(G4=30,G4=40),"MODERADO",IF(G4=60,"IMPORTANTE",IF(G4>=80,"INACEPTABLE","NO EXISTE"))))) -> ACEPTABLE
B25: (5) = (2)x(4) | C25: VALOR DEL RIESGO: | D25: =+D22*D24 -> 525852.14
B27: Describa lo que puede pasar si se materializa el riesgo, incluyendo las consecuencias.
B28: Este riesgo tiene dos componentes básicos: el riesgo de consecución de financiación o riesgo de liquidez, y el riesgo de las condiciones financieras. El primero se refiere a la dificultad de conseguir los recursos financieros, ya sea en el sector financiero o el mercado de capitales, para lograr el objetivo del contrato. El segundo hace referencia a los términos financieros de dichos recursos, entre estos encontramos plazos, tasas, garantías, contragarantías, refinanciaciones entre otros.
A29: CAUSAS | B29: Describa las principales causas y agentes generadores por las cuales puede presentarse el riesgo
B30: Pago del Anticipo a 30 días después de la firma del contrato
B31: Falta de capacidad financiera del proponente.
A33: TRATAMIENTO | B33: Distribuya las medidas de prevención, protección y transferencia, considerando el ciclo PHVA para cada medida.
B34: EL CONTRATANTE | E34: EL CONTRATISTA
B35: Cumplir con los tiempos de pagos establecidos en el contrato. | E35: Consecución de recursos mediante financiación externa o interna para la ejecución del objeto.
B36: Exigir dentro del proceso licitatorio una capacidad financiera que garantice la fácil consecución de los recursos en la banca externa. | E36: Negociaciones con proveedores para pago a 30 días.
A38: ¿ QUIEN DEBE ASUMIR O RESPONDER POR LAS PÉRDIDAS ECONÓMICAS ? | F38: EL CONTRATISTA

Sheet 5.1 Calculo Financiero
A1: MUNICIPIO DE ENVIGADO
A2: SECRETARÍA DE OBRAS PÚBLICAS
A3: ANÁLISIS DE RIESGOS PREVISIBLES DE LA CONTRATACIÓN
A5: OBJETO: | C5: =PRESUPUESTO!B5 -> MANTENIMIENTO PREVENTIVO Y CORRECTIVO DE LOS TANQUES DE AGUA PARA LA INFRAESTRUCTURA INSTITUCIONAL SEGÚN REQUERIMIENTO DEL MUNICIPIO DE ENVIGADO
A7: Parte 5.1: Memorias de calculo del valor de las consecuencias del RIESGO FINANCIERO
B9: INTERÉS DE CRÉDITO ANUAL (E.A.) | E9: 0.2817
B10: INTERÉS DE CRÉDITO MENSUAL | E10: =+NOMINAL(E9,12)/12 -> 0.020897637
B12: MES | C12: FLUJO CAJA MES | D12: FLUJO CAJA ACUMULADO | E12: CRÉDITO | F12: INTERÉS
B13: MES 1 | C13: =+'FLUJO DE CAJA'!D21 -> -125816171 | D13: =+'FLUJO DE CAJA'!D22 -> -125816171 | E13: =+IF(D13>0,0,D13*(-1)) -> 125816171 | F13: =+E13*$E$10 -> 2629260.7
B14: MES 2 | C14: =+'FLUJO DE CAJA'!E21 -> 0 | D14: =+'FLUJO DE CAJA'!E22 -> -125816171 | E14: =+IF(D14>0,0,D14*(-1)) -> 125816171 | F14: =+E14*$E$10 -> 2629260.7
B15: MES 3 | C15: =+'FLUJO DE CAJA'!F21 -> 125816171 | D15: =+'FLUJO DE CAJA'!F22 -> 0 | E15: =+IF(D15>0,0,D15*(-1)) -> 0 | F15: =+E15*$E$10 -> 0
B16: TOTAL | C16: =SUM(C13:C15) -> 0 | F16: =SUM(F13:F15) -> 5258521.4
B17: Fuente: | C17: Secretaria de Hacienda - Municipio de Envigado
E19: Observaciones:

Sheet 6 NATURALEZA
B1: POR FAVOR NO BORRE ESTAS FILAS | E1: PROBABILIDAD | F1: SEVERIDAD
C2: ALTO | D2: 1 | E2: 4 | F2: 30 | G2: =+VLOOKUP(E24,$C$2:$F$5,3,FALSE) -> 2 | I2: 20
A3: ANÁLISIS DE RIESGOS PREVISIBLES DE LA CONTRATACIÓN | C3: MEDIO - ALTO | D3: 0.5 | E3: 3 | F3: 20 | G3: =+VLOOKUP(F24,$C$2:$F$5,4,FALSE) -> 10 | I3: 10
C4: MEDIO - BAJO | D4: 0.2 | E4: 2 | F4: 10 | G4: =+G2*G3 -> 20 | I4: 10
C5: BAJO | D5: 0.1 | E5: 1 | F5: 5 | I5: 5
E6: BAJO | F6: MEDIO - BAJO | G6: MEDIO - ALTO | H6: ALTA
C8: ALTO | E8: MODERADO | F8: IMPORTANTE | G8: INACEPTABLE | H8: INACEPTABLE | I8: 20
C9: MEDIO - ALTO | E9: TOLERABLE | F9: MODERADO | G9: IMPORTANTE | H9: INACEPTABLE | I9: 10
C10: MEDIO - BAJO | E10: ACEPTABLE | F10: TOLERABLE | G10: MODERADO | H10: MODERADO | I10: 10
C11: BAJO | E11: ACEPTABLE | F11: ACEPTABLE | G11: TOLERABLE | H11: TOLERABLE | I11: 5
E12: BAJO | F12: MEDIO - BAJO | G12: MEDIO - ALTO | H12: ALTA
A14: MUNICIPIO DE ENVIGADO
A15: SECRETARÍA DE OBRAS PÚBLICAS
A16: ANÁLISIS DE RIESGOS PREVISIBLES DE LA CONTRATACIÓN
A18: OBJETO: | C18: =PRESUPUESTO!B5 -> MANTENIMIENTO PREVENTIVO Y CORRECTIVO DE LOS TANQUES DE AGUA PARA LA INFRAESTRUCTURA INSTITUCIONAL SEGÚN REQUERIMIENTO DEL MUNICIPIO DE ENVIGADO
A20: Parte 6: Tipificación, estimación y tratamiento del RIESGO POR NATURALEZA
A21: RIESGO | B21: (1) | C21: VALOR COSTO DIRECTO: | D21: =+'ARU DEFINITIVO'!D9 -> 125816171 | E21: Cuando | F21: Nombre del riesgo
B22: (2) | C22: VALOR TOTAL DE LA CONSECUENCIA: | D22: ='6.2 Calculo Naturaleza'!F31 -> 16130659 | E22: DURANTE | F22: NATURALEZA
B23: (3) = (2)/(1) | C23: PORCENTAJE DE LA CONSECUENCIA: | D23: =+D22/D21 -> 0.12820815 | E23: PROBABILIDAD | F23: SEVERIDAD | G23: RIESGO
B24: (4) | C24: PROBABILIDAD DE OCURRENCIA: | D24: =+VLOOKUP(E24,C2:D5,2,FALSE) -> 0.2 | E24: MEDIO - BAJO | F24: =+IF(D23<=0.05,"BAJO",IF(AND(D23>0.05,D23<=0.15),"MEDIO - BAJO",IF(AND(D23>0.15,D23<=0.3),"MEDIO - ALTO","ALTO"))) -> MEDIO - BAJO | G24: =+IF(G4<=10,"ACEPTABLE",IF(OR(G4=15,G4=20),"TOLERABLE",IF(OR(G4=30,G4=40),"MODERADO",IF(G4=60,"IMPORTANTE",IF(G4>=80,"INACEPTABLE","NO EXISTE"))))) -> TOLERABLE
B25: (5) = (2)x(4) | C25: VALOR DEL RIESGO: | D25: =+D22*D24 -> 3226131.7
B27: Describa lo que puede pasar si se materializa el riesgo, incluyendo las consecuencias.
B28: Son los eventos causados por la naturaleza sin la intervención o voluntad del hombre, que aunque pueden ser previsibles por su frecuencia o diagnóstico están fuera del control de las partes. Para la determinación de su existencia y/o previsibilidad, se podrá acudir a las autoridades públicas o entidades competentes en la recopilación de datos estadísticos o fuentes oficiales.
A29: CAUSAS | B29: Describa las principales causas y agentes generadores por las cuales puede presentarse el riesgo
B30: Temporada de lluvias.
B31: Fenomeno de "La Niña".
A33: TRATAMIENTO | B33: Distribuya las medidas de prevención, protección y transferencia, considerando el ciclo PHVA para cada medida.
B34: EL CONTRATANTE | E34: EL CONTRATISTA
E35: Tener cuadrillas y maquinaria disponible para conformación y adecuación de zonas de trabajo despues de las lluvias
E36: Trabajo en horarios extendidos, incluyendo días festivos
A38: ¿ QUIEN DEBE ASUMIR O RESPONDER POR LAS PÉRDIDAS ECONÓMICAS ? | F38: EL CONTRATISTA
E40: Observaciones:

Sheet 6.1 Calculo Naturaleza
A1: MUNICIPIO DE ENVIGADO
A2: SECRETARÍA DE OBRAS PÚBLICAS
A3: ANÁLISIS DE RIESGOS PREVISIBLES DE LA CONTRATACIÓN
A5: OBJETO: | B5: =PRESUPUESTO!B5:F5 -> MANTENIMIENTO PREVENTIVO Y CORRECTIVO DE LOS TANQUES DE AGUA PARA LA INFRAESTRUCTURA INSTITUCIONAL SEGÚN REQUERIMIENTO DEL MUNICIPIO DE ENVIGADO
A7: Parte 6.1: Memorias de calculo del valor de las consecuencias del RIESGO POR NATURALEZA Calculo TIEMPO parálisis operacional por lluvia
A9: REGISTRO DE LLUVIAS AÑO 2023, ENTRE LAS 7:00 a.m. Y LAS 6:00 p.m.
A10: MES | B10: Suma de Duración en Minutos de lluvia | C10: Suma de Duración en Minutos Total | E10: CALCULO TIEMPO PARÁLISIS OPERACIONAL POR LLUVIA
A11: Enero | B11: =180*1.1 -> 198 | C11: 11040 | E11: Numero de días analizados: | F11: 365 | G11: 1
A12: Febrero | B12: =1710*1.1 -> 1881 | C12: 19320 | E12: Numero de días con presencia de lluvia: | F12: 289 | G12: =+F12/F11 -> 0.79178082
A13: Marzo | B13: =1200*1.1 -> 1320 | C13: 16740 | E13: Numero de horas Promedio de lluvia / día: | F13: =ROUND((B23/F11)/60,2) -> 0.95 | G13: =+F13/11 -> 0.086363636
A14: Abril | B14: =2400*1.1 -> 2640 | C14: 20700 | E14: Numero de horas parálisis operacional / día: | F14: =+F13*2 -> 1.9 | G14: =+(F14/60)/11 -> 0.0028787879
A15: Mayo | B15: =450*1.1 -> 495 | C15: 7110 | E15: Plazo del contrato: | F15: =30*'ARU DEFINITIVO'!D11 -> 30 | G15: días
A16: Junio | B16: =10200*1.1 -> 11220 | C16: 20700 | E16: Numero horas parálisis operacional: | F16: =+F14*F15 -> 57 | G16: horas
A17: Julio | B17: =590*1.1 -> 649 | C17: 21190 | E17: Numero de días parálisis operacional: | F17: =+F16/10 -> 5.7 | G17: días
A18: Agosto | B18: =470*1.1 -> 517 | C18: 20615 | E18: Numero de meses parálisis operacional: | F18: =+F17/30 -> 0.19 | G18: meses
A19: Septiembre | B19: =650*1.15 -> 747.5 | C19: 19950
A20: Octubre | B20: =160*1.1 -> 176 | C20: 3940
A21: Noviembre | B21: =385*1.1 -> 423.5 | C21: 12045
A22: Diciembre | B22: =480*1.1 -> 528 | C22: 20615
A23: Total en Minutos | B23: =SUM(B11:B22) -> 20795 | C23: =SUM(C11:C22) -> 193965
A24: Total en Horas | B24: =+B23/60 -> 346.58333 | C24: =+C23/60 -> 3232.75
A25: Total en Días (con base en 11 horas) | B25: =+B24/11 -> 31.507576
A26: Fuente: Registros de lluvias Estación Pluviométrica La Salle - Municipio de Envigado - Secretaria de Medio Ambiente y Desarrollo Rural
D28: Observaciones:

Sheet 6.2 Calculo Naturaleza
A1: MUNICIPIO DE ENVIGADO
A2: SECRETARÍA DE OBRAS PÚBLICAS
A3: ANÁLISIS DE RIESGOS PREVISIBLES DE LA CONTRATACIÓN
A5: OBJETO: | B5: =PRESUPUESTO!B5 -> MANTENIMIENTO PREVENTIVO Y CORRECTIVO DE LOS TANQUES DE AGUA PARA LA INFRAESTRUCTURA INSTITUCIONAL SEGÚN REQUERIMIENTO DEL MUNICIPIO DE ENVIGADO
A7: Parte 6.2: Memorias de calculo del valor de las consecuencias del RIESGO POR NATURALEZA Calculo VALOR parálisis operacional por lluvia
A9: TOTAL COSTO DIRECTO | D9: =PRESUPUESTO!F14 -> 125816171
A11: 1. PERSONAL ADMINISTRATIVO DE OBRA | B11: CANT. | C11: MESES | D11: SUELDO | E11: PRESTACIONES | F11: V/R TOTAL | G11: %
A12: =+'4.1 Calculos Operacionales'!A12 -> DIRECTOR DE OBRA | B12: =+'4.1 Calculos Operacionales'!B12 -> 1 | C12: =+'6.1 Calculo Naturaleza'!$F$18 -> 0.19 | D12: =+'4.1 Calculos Operacionales'!D12 -> 12028025 | E12: =+'4.1 Calculos Operacionales'!E12 -> 0.582846 | F12: =D12*(1+E12)*C12*B12 -> 3617317.1 | G12: =+F12/$D$9 -> 0.028750812
A13: =+'4.1 Calculos Operacionales'!A13 -> RESIDENTE DE ESTRUCTURA Y PUENTES | B13: =+'4.1 Calculos Operacionales'!B13 -> 1 | C13: =+'6.1 Calculo Naturaleza'!$F$18 -> 0.19 | D13: =+'4.1 Calculos Operacionales'!D13 -> 7796595 | E13: =+'4.1 Calculos Operacionales'!E13 -> 0.582846 | F13: =D13*(1+E13)*C13*B13 -> 2344753.7 | G13: =+F13/$D$9 -> 0.018636346
A14: =+'4.1 Calculos Operacionales'!A14 -> RESIDENTE DE URBANISMO | B14: =+'4.1 Calculos Operacionales'!B14 -> 1 | C14: =+'6.1 Calculo Naturaleza'!$F$18 -> 0.19 | D14: =+'4.1 Calculos Operacionales'!D14 -> 7796595 | E14: =+'4.1 Calculos Operacionales'!E14 -> 0.582846 | F14: =D14*(1+E14)*C14*B14 -> 2344753.7 | G14: =+F14/$D$9 -> 0.018636346
A15: =+'4.1 Calculos Operacionales'!A15 -> INGENIERO RESIDENTE DE OBRA | B15: =+'4.1 Calculos Operacionales'!B15 -> 1 | C15: =+'6.1 Calculo Naturaleza'!$F$18 -> 0.19 | D15: =+'4.1 Calculos Operacionales'!D15 -> 6953837 | E15: =+'4.1 Calculos Operacionales'!E15 -> 0.582846 | F15: =D15*(1+E15)*C15*B15 -> 2091302.1 | G15: =+F15/$D$9 -> 0.016621886
A16: =+'4.1 Calculos Operacionales'!A16 -> PROFESIONAL AMBIENTAL | B16: =+'4.1 Calculos Operacionales'!B16 -> 1 | C16: =+'6.1 Calculo Naturaleza'!$F$18 -> 0.19 | D16: =+'4.1 Calculos Operacionales'!D16 -> 5259509 | E16: =+'4.1 Calculos Operacionales'!E16 -> 0.582846 | F16: =D16*(1+E16)*C16*B16 -> 1581748.6 | G16: =+F16/$D$9 -> 0.012571902
A17: =+'4.1 Calculos Operacionales'!A17 -> RESIDENTE FORESTAL | B17: =+'4.1 Calculos Operacionales'!B17 -> 1 | C17: =+'6.1 Calculo Naturaleza'!$F$18 -> 0.19 | D17: =+'4.1 Calculos Operacionales'!D17 -> 5259509 | E17: =+'4.1 Calculos Operacionales'!E17 -> 0.582846 | F17: =D17*(1+E17)*C17*B17 -> 1581748.6 | G17: =+F17/$D$9 -> 0.012571902
A18: =+'4.1 Calculos Operacionales'!A18 -> RESIDENTE DE SEGURIDAD Y SALUD EN EL TRABAJO --SST | B18: =+'4.1 Calculos Operacionales'!B18 -> 1 | C18: =+'6.1 Calculo Naturaleza'!$F$18 -> 0.19 | D18: =+'4.1 Calculos Operacionales'!D18 -> 4959460 | E18: =+'4.1 Calculos Operacionales'!E18 -> 0.582846 | F18: =D18*(1+E18)*C18*B18 -> 1491511.7 | G18: =+F18/$D$9 -> 0.01185469
A19: =+'4.1 Calculos Operacionales'!A19 -> ALMACENISTA | B19: =+'4.1 Calculos Operacionales'!B19 -> 1 | C19: =+'6.1 Calculo Naturaleza'!$F$18 -> 0.19 | D19: =+'4.1 Calculos Operacionales'!D19 -> 1804648 | E19: =+'4.1 Calculos Operacionales'!E19 -> 0.582846 | F19: =D19*(1+E19)*C19*B19 -> 542731.17 | G19: =+F19/$D$9 -> 0.0043136838
A20: TOTAL PERSONAL ADMINISTRATIVO DE OBRA | F20: =SUM(F12:F19) -> 15595867 | G20: =SUM(G12:G19) -> 0.12395757
A22: 2. GASTOS ADMINISTRATIVOS DE OFICINA | B22: % | C22: MESES | D22: SUELDO | E22: PRESTACIONES | F22: V/R TOTAL | G22: %
A23: =+'4.1 Calculos Operacionales'!A23 -> GERENCIA | B23: =+'4.1 Calculos Operacionales'!B23 -> 0.1 | C23: ='6.1 Calculo Naturaleza'!$F$18 -> 0.19 | D23: =+'4.1 Calculos Operacionales'!D23 -> 10148359 | E23: =+'4.1 Calculos Operacionales'!E23 -> 0.582846 | F23: =D23*(1+E23)*C23*B23 -> 305202.5 | G23: =+F23/$D$9 -> 0.0024257812
A24: =+'4.1 Calculos Operacionales'!A24 -> SECRETARIA | B24: =+'4.1 Calculos Operacionales'!B24 -> 0.1 | C24: ='6.1 Calculo Naturaleza'!$F$18 -> 0.19 | D24: =+'4.1 Calculos Operacionales'!D24 -> 1522257 | E24: =+'4.1 Calculos Operacionales'!E24 -> 0.582846 | F24: =D24*(1+E24)*C24*B24 -> 45780.47 | G24: =+F24/$D$9 -> 0.00036386793
A25: =+'4.1 Calculos Operacionales'!A25 -> CONTADORA | B25: =+'4.1 Calculos Operacionales'!B25 -> 0.1 | C25: ='6.1 Calculo Naturaleza'!$F$18 -> 0.19 | D25: =+'4.1 Calculos Operacionales'!D25 -> 2540250 | E25: =+'4.1 Calculos Operacionales'!E25 -> 0.582846 | F25: =D25*(1+E25)*C25*B25 -> 76395.666 | G25: =+F25/$D$9 -> 0.0006072007
A26: =+'4.1 Calculos Operacionales'!A26 -> MENSAJERO | B26: =+'4.1 Calculos Operacionales'!B26 -> 0.1 | C26: ='6.1 Calculo Naturaleza'!$F$18 -> 0.19 | D26: =+'4.1 Calculos Operacionales'!D26 -> 1360415 | E26: =+'4.1 Calculos Operacionales'!E26 -> 0.582846 | F26: =D26*(1+E26)*C26*B26 -> 40913.221 | G26: =+F26/$D$9 -> 0.00032518253
A27: =+'4.1 Calculos Operacionales'!A27 -> ALQUILER OFICINA | B27: =+'4.1 Calculos Operacionales'!B27 -> 0.1 | C27: ='6.1 Calculo Naturaleza'!$F$18 -> 0.19 | D27: =+'4.1 Calculos Operacionales'!D27 -> 3000000 | E27: =+'4.1 Calculos Operacionales'!E27 -> 0 | F27: =D27*(1+E27)*C27*B27 -> 57000 | G27: =+F27/$D$9 -> 0.00045304192
A28: =+'4.1 Calculos Operacionales'!A28 -> SERVICIOS PÚBLICOS | B28: =+'4.1 Calculos Operacionales'!B28 -> 0.1 | C28: ='6.1 Calculo Naturaleza'!$F$18 -> 0.19 | D28: =+'4.1 Calculos Operacionales'!D28 -> 500000 | E28: =+'4.1 Calculos Operacionales'!E28 -> 0 | F28: =D28*(1+E28)*C28*B28 -> 9500 | G28: =+F28/$D$9 -> 7.5506987e-05
A29: TOTAL GASTOS ADMINISTRATIVOS DE OFICINA | F29: =SUM(F23:F28) -> 534791.86 | G29: =SUM(G23:G28) -> 0.0042505812
A31: VALOR TOTAL RIESGO POR NATURALEZA | F31: =F20+F29 -> 16130659 | G31: =G29+G20 -> 0.12820815
E33: Observaciones:

Sheet 7 Ambientales
B1: POR FAVOR NO BORRE ESTAS FILAS | E1: PROBABILIDAD | F1: SEVERIDAD
C2: ALTO | D2: 1 | E2: 4 | F2: 30 | G2: =+VLOOKUP(E24,$C$2:$F$5,3,FALSE) -> 2 | I2: 20
A3: ANÁLISIS DE RIESGOS PREVISIBLES DE LA CONTRATACIÓN | C3: MEDIO - ALTO | D3: 0.5 | E3: 3 | F3: 20 | G3: =+VLOOKUP(F24,$C$2:$F$5,4,FALSE) -> 5 | I3: 10
C4: MEDIO - BAJO | D4: 0.2 | E4: 2 | F4: 10 | G4: =+G2*G3 -> 10 | I4: 10
C5: BAJO | D5: 0.1 | E5: 1 | F5: 5 | I5: 5
E6: BAJO | F6: MEDIO - BAJO | G6: MEDIO - ALTO | H6: ALTA
C8: ALTO | E8: MODERADO | F8: IMPORTANTE | G8: INACEPTABLE | H8: INACEPTABLE | I8: 20
C9: MEDIO - ALTO | E9: TOLERABLE | F9: MODERADO | G9: IMPORTANTE | H9: INACEPTABLE | I9: 10
C10: MEDIO - BAJO | E10: ACEPTABLE | F10: TOLERABLE | G10: MODERADO | H10: MODERADO | I10: 10
C11: BAJO | E11: ACEPTABLE | F11: ACEPTABLE | G11: TOLERABLE | H11: TOLERABLE | I11: 5
E12: BAJO | F12: MEDIO - BAJO | G12: MEDIO - ALTO | H12: ALTA
A14: MUNICIPIO DE ENVIGADO
A15: SECRETARÍA DE OBRAS PÚBLICAS
A16: ANÁLISIS DE RIESGOS PREVISIBLES DE LA CONTRATACIÓN
A18: OBJETO: | C18: =PRESUPUESTO!B5 -> MANTENIMIENTO PREVENTIVO Y CORRECTIVO DE LOS TANQUES DE AGUA PARA LA INFRAESTRUCTURA INSTITUCIONAL SEGÚN REQUERIMIENTO DEL MUNICIPIO DE ENVIGADO
A20: Parte 7: Tipificación, estimación y tratamiento del RIESGO AMBIENTAL
A21: RIESGO | B21: (1) | C21: VALOR COSTO DIRECTO: | D21: =+'ARU DEFINITIVO'!D9 -> 125816171 | E21: Cuando | F21: Nombre del riesgo
B22: (2) | C22: VALOR TOTAL DE LA CONSECUENCIA: | D22: =+'7.1 GESTION SOCIAMBIENTAL'!I74 -> 0 | E22: DURANTE | F22: AMBIENTALES
B23: (3) = (2)/(1) | C23: PORCENTAJE DE LA CONSECUENCIA: | D23: =+D22/D21 -> 0 | E23: PROBABILIDAD | F23: SEVERIDAD | G23: RIESGO
B24: (4) | C24: PROBABILIDAD DE OCURRENCIA: | D24: =+VLOOKUP(E24,C2:D5,2,FALSE) -> 0.2 | E24: MEDIO - BAJO | F24: =+IF(D23<=0.05,"BAJO",IF(AND(D23>0.05,D23<=0.15),"MEDIO - BAJO",IF(AND(D23>0.15,D23<=0.3),"MEDIO - ALTO","ALTO"))) -> BAJO | G24: =+IF(G4<=10,"ACEPTABLE",IF(OR(G4=15,G4=20),"TOLERABLE",IF(OR(G4=30,G4=40),"MODERADO",IF(G4=60,"IMPORTANTE",IF(G4>=80,"INACEPTABLE","NO EXISTE"))))) -> ACEPTABLE
B25: (5) = (2)x(4) | C25: VALOR DEL RIESGO: | D25: =+D22*D24 -> 0
B27: Describa lo que puede pasar si se materializa el riesgo, incluyendo las consecuencias.
B28: Se refiere a las obligaciones que emanan de las licencias ambientales, de los planes de manejo ambiental, de las condiciones ambientales o ecológicas exigidas y de la evolución de las tasas retributivas y de uso del agua. Por ejemplo, cuando durante la ejecución del contrato se configuren pasivos ambientales causados por mala gestión de la licencia ambiental y/o el plan de manejo ambiental o el costo de las obligaciones ambientales resulte superior al estimado no siendo imputables a las partes.
A29: CAUSAS | B29: Describa las principales causas y agentes generadores por las cuales puede presentarse el riesgo
B30: Deterioro o alteración moderado de los recursos naturales, al ambiente o al paisaje, por la ejecución de obras civiles para mantenimiento de vías urbanas
B31: Riesgo por Bioseguridad COVID-19
A33: TRATAMIENTO | B33: Distribuya las medidas de prevención, protección y transferencia, considerando el ciclo PHVA para cada medida.
B34: EL CONTRATANTE | E34: EL CONTRATISTA
B35: Reaizar un seguimiento detallado del Plan de Acción Socio Ambiental en Obra (PASAO) | E35: Elaborar y ejecutar el de Plan de Acción Socio Ambiental en Obra (PASAO), según los programas y acciones identificados en el Anexo No.8 - Matriz de Gestión Socio Ambiental
E36: Cumplir con los requierimientos de Gestión Socio Ambiental, considerados en el calculo del % del Riesgo Ambiental, el cual sera asumido por el CONTRATISTA
A38: ¿ QUIEN DEBE ASUMIR O RESPONDER POR LAS PÉRDIDAS ECONÓMICAS ? | F38: EL CONTRATISTA

Sheet 7.1 GESTION SOCIAMBIENTAL
B1: MUNICIPIO DE ENVIGADO
B2: SECRETARÍA DE OBRAS PÚBLICAS
B3: ANÁLISIS DE RIESGOS PREVISIBLES DE LA CONTRATACIÓN
A5: OBJETO: | D5: =PRESUPUESTO!B5 -> MANTENIMIENTO PREVENTIVO Y CORRECTIVO DE LOS TANQUES DE AGUA PARA LA INFRAESTRUCTURA INSTITUCIONAL SEGÚN REQUERIMIENTO DEL MUNICIPIO DE ENVIGADO
A7: Parte 7.1: Memorias de calculo del valor de las consecuencias del RIESGO AMBIENTAL Gestión Socio Ambiental, Y Seguridad y salud en el Trabajo
A9: 1. COMPONENTE SOCIAL | B9: Accion Ambiental, SISO o Social | C9: Programa al cual pertenece en el PASAO | D9: Detalle | E9: Duración (Meses) | F9: CANTIDAD | G9: Valor Mes | H9: Prestaciones o No. De usos | I9: Valor Total
B10: SOCIALIZACION | C10: Social | D10: Reuniones con comunidad inicio, avance (comité ciudadano de obra) y fin de obra. Esto incluye refrigerio. | E10: ='ARU DEFINITIVO'!D11 -> 1 | F10: 0 | G10: 200000 | H10: 0 | I10: =(E10*F10*G10*(1+H10)) -> 0
B11: INFORMACION Y DIVULGACION | C11: Social | D11: Edición de volantes e impresión volantes en hoja de tamaño carta para carteleras | E11: =E10 -> 1 | F11: 0 | G11: 3200 | H11: 0 | I11: =(E11*F11*G11*(1+H11)) -> 0
D12: Transporte, montaje y desmonte de valla informativa de obra de 8 x 4 a full color con estructura y desmonte | E12: =E11 -> 1 | F12: 0 | G12: 2500000 | H12: 0 | I12: =(E12*F12*G12*(1+H12)) -> 0
D13: Buzón PQRS | E13: =E12 -> 1 | F13: 0 | G13: 110000 | H13: 0 | I13: =(E13*F13*G13*(1+H13)) -> 0
D14: Carteleras informativas: madera o corcho de 1 metro x 90 cms, incluye actualización mensual. | E14: N/A | F14: 0 | G14: 181900 | H14: 0 | I14: =F14*G14 -> 0
D15: Pendones para volquetas 2 x 2 | E15: =E14 -> N/A | F15: 0 | G15: 50000 | H15: 0 | I15: =F15*G15 -> 0
D16: Publicaciones impresas en periódicos en pagina par, en tamaño cuarto de pagina a blanco y negro con el visto bueno del Área de Comunicaciones | E16: =E15 -> N/A | F16: 0 | G16: 5635000 | H16: 0 | I16: =F16*G16 -> 0
B17: ACTAS DE VECINDAD Y DE ENTORNO | C17: Social | D17: Actas de vecindad y cierre (Area de influencia directa y cuando se requiera realizar en el área de influencia indirecta) | E17: =E16 -> N/A | F17: 0 | G17: 2000000 | H17: 0 | I17: =G17*F17 -> 0
D18: Acta de espacio público de apertura y cierre | E18: =E17 -> N/A | F18: 0 | G18: 916300 | H18: 0 | I18: =G18*F18 -> 0
B19: EVENTO DE ENTREGA DE OBRA | C19: SociaL | D19: Tarima 4x3 con con cubierta, mesa central y sillas (6 personas), micrófonos, alimentación, atril con micrófono, sonido hidratación (500 pesonas), cinta y tijeras para dar apertura simbólica en la vía entre otros, incluye placa conmemorativa | E19: =E17 -> N/A | F19: 0 | G19: 6000000 | H19: 0 | I19: =G19*F19 -> 0
B20: TOTAL COMPONENTE SOCIAL | I20: =SUM(I10:I19) -> 0
A21: 2. SEGURIDAD INDUSTRIAL Y SALUD EN EL TRABAJO | B21: Accion Ambiental, SISO o Social | C21: Programa al cual pertenece en el PASAO | D21: Detalle | E21: Duración (Meses) | F21: CANTIDAD | G21: Valor Mes | H21: Prestaciones o No. De usos | I21: Valor Total
B22: SEGURIDAD Y SALUD EN EL TRABAJO | C22: Salud Ocupacional | D22: Uniformes de obras y estampados | E22: N/A | F22: 0 | G22: 151130 | H22: 0 | I22: =F22*G22 -> 0
D23: Botas | E23: N/A | F23: 0 | G23: 119273 | H23: 0 | I23: =F23*G23 -> 0
D24: Cascos | E24: N/A | F24: 0 | G24: 35287 | H24: 0 | I24: =F24*G24 -> 0
D25: Protectores auditivos tipo inserción | E25: N/A | F25: 0 | G25: 3808 | H25: 0 | I25: =(1*F25*G25*(1+H25)) -> 0
D26: Guantes de carnaza con baqueta | E26: N/A | F26: 0 | G26: 14800 | H26: 0 | I26: =(1*F26*G26*(1+H26)) -> 0
D27: Mascarilla desechable | E27: N/A | F27: 0 | G27: 2280 | H27: 0 | I27: =(1*F27*G27*(1+H27)) -> 0
D28: Monogafas | E28: N/A | F28: 0 | G28: 11000 | H28: 0 | I28: =(1*F28*G28*(1+H28)) -> 0
D29: Arnes multiproposito 4 argollas | E29: N/A | F29: 0 | G29: 265000 | H29: 0 | I29: =(1*F29*G29*(1+H29)) -> 0
D30: Eslinga doble | E30: N/A | F30: 0 | G30: 205800 | H30: 0 | I30: =(1*F30*G30*(1+H30)) -> 0
D31: Chalecos para personal administrativo | E31: N/A | F31: 0 | G31: 105910 | H31: 0 | I31: =(1*F31*G31*(1+H31)) -> 0
D32: Capacitaciones a personal | E32: N/A | F32: 0 | G32: 7300 | H32: 0.5828 | I32: =(1*F32*G32*(1+H32)) -> 0
D33: Linea de vida por ml | E33: N/A | F33: 0 | G33: 36000 | H33: 0 | I33: =(1*F33*G33*(1+H33)) -> 0
C34: Adecuacion de Campamento | D34: Camilla primeros auxilios | E34: N/A | F34: 0 | G34: 357800 | H34: 0 | I34: =(1*F34*G34*(1+H34)) -> 0
D35: Extintores ABC 10 lb | E35: N/A | F35: 0 | G35: 100000 | H35: 0 | I35: =(1*F35*G35*(1+H35)) -> 0
D36: Unidades sanitarias portátiles | E36: N/A | F36: 0 | G36: 1500000 | H36: 0 | I36: =(1*F36*G36*(1+H36)) -> 0
D37: Elementos de aseo | E37: =E10 -> 1 | F37: 0 | G37: 100000 | H37: 0 | I37: =(1*F37*G37*(1+H37)) -> 0
D38: Radios y Equipos de Telecomunicación | E38: N/A | F38: 0 | G38: 514080 | H38: 0 | I38: =(1*F38*G38*(1+H38)) -> 0
D39: Botiquín Primeros Auxilios | E39: N/A | F39: 0 | G39: 225000 | H39: =+H33 -> 0 | I39: =(1*F39*G39*(1+H39)) -> 0
B40: TOTAL SEGURIDAD INDUSTRIAL Y SALUD EN EL TRABAJO | I40: =SUM(I22:I39) -> 0
A41: 3. PLAN DE GESTION AMBIENTAL | B41: Accion Ambiental, SISO o Social | C41: Programa al cual pertenece en el PASAO | D41: Detalle | E41: Duración (Meses) | F41: CANTIDAD | G41: Valor Mes | H41: Prestaciones o No. De usos | I41: Valor Total
B42: MANEJO DE AGUAS LLUVIAS Y RESIDUALES * SUMINISTRO DE AGUA POTABLE | C42: Prevencion de la contaminación de cuerpos de agua y redes de servicio publico | D42: Protección de Sumideros con canastilla | E42: 0 | F42: 0 | G42: 7850 | H42: =+H39 -> 0 | I42: =(E42*F42*G42*(1+H42)) -> 0
D43: Construcción de lavadero de llantas | E43: 0 | F43: 0 | G43: 320000 | H43: =+H40 -> 0 | I43: =(E43*F43*G43*(1+H43)) -> 0
D44: Caja desarenadora móvil para la concretadora de 1 x 1 m. | E44: 0 | F44: 0 | G44: 415800 | H44: 0 | I44: =(E44*F44*G44*(1+H44)) -> 0
D45: Construcción de juego de tanques sedimentadores moviles con canecas de 55 galones, tuberia pvc de 1/2" y 1m de geotextil. | E45: 0 | F45: 0 | G45: =60000*1.8 -> 108000 | H45: 0 | I45: =(E45*F45*G45*(1+H45)) -> 0
D46: Construcción piscinas de sedimentación | E46: 0 | F46: 0 | G46: =1250000*1.8 -> 2250000 | H46: 0 | I46: =(E46*F46*G46*(1+H46)) -> 0
D47: Construcción trampa de grasas | E47: 0 | F47: 0 | G47: =375000*1.8 -> 675000 | H47: 0 | I47: =(E47*F47*G47*(1+H47)) -> 0
D48: Obras para el control de escorrentía | E48: 0 | F48: 0 | G48: =350000*1.8 -> 630000 | H48: 0 | I48: =(E48*F48*G48*(1+H48)) -> 0
B49: MANEJO DE RESIDUOS SOLIDOS | C49: Programa para el manejo de residuos. | D49: Construcción de caseta para el acopio de residuos sólidos comunes | E49: 0 | F49: 0 | G49: =18464*1.8 -> 33235.2 | H49: 0 | I49: =(E49*F49*G49*(1+H49)) -> 0
D50: Kit 3 canecas de 53 litros para disposición de residuos sólidos | E50: N/A | F50: 0 | G50: 699900 | H50: 0 | I50: =F50*G50 -> 0
D51: Canecas de 55 galones para disposición de residuos sólidos | E51: N/A | F51: 0 | G51: 158900 | H51: 0 | I51: =F51*G51 -> 0
D52: Canecas de 5 galones para disposición de residuos sólidos (oficinas contratista e interventoría y almacén) | E52: N/A | F52: 0 | G52: 9800 | H52: 0 | I52: =F52*G52 -> 0
D53: Kit de Bolsas plásticas para los frentes de obra (residuos ordinarios y reciclables) | E53: 0 | F53: 0 | G53: 19900 | H53: 0 | I53: =(E53*F53*G53*(1+H53)) -> 0
D54: Bolsas plásticas para residuos peligrosos | E54: 0 | F54: 0 | G54: 850 | H54: 1 | I54: =(E54*F54*G54*(1+H54)) -> 0
D55: Adecuación zona de acopio de combustibles | E55: N/A | F55: 0 | G55: 405000 | H55: 0 | I55: =F55*G55 -> 0
D56: Recolección de residuos sólidos especiales por parte de una empresa autorizada (Kg) | E56: N/A | F56: 0 | G56: 4500 | H56: 0 | I56: =F56*G56 -> 0
D57: Kit de emergencia para derrames químicos | E57: N/A | F57: 0 | G57: 278900 | H57: 0 | I57: =F57*G57 -> 0
C58: Uso y almacenamiento adecuado de materiales de construcción | D58: Teleras para construcción de acopios de materiales como medida de protección del suelo | E58: 0 | F58: 0 | G58: 22800 | H58: 0 | I58: =(E58*F58*G58*(1+H58)) -> 0
D59: Plásticos y elementos de protección de materiales y escombros | E59: N/A | F59: 0 | G59: 472550 | H59: 0 | I59: =F59*G59 -> 0
D60: Humectación vías, incluye transporte diario de caneca de 55 galones con agua para aseo de vía durante el tiempo de ejecución de la obra. | E60: =E10 -> 1 | F60: 0 | G60: 35900 | H60: 0 | I60: =(E60*F60*G60*(1+H60)) -> 0
D61: Teleras para cruces y/o senderos peatonales,y para protección de excavaciones | E61: =E60 -> 1 | F61: 0 | G61: 35759 | H61: 0 | I61: =(E61*F61*G61*(1+H61)) -> 0
B62: DESMONTE DE INSTALACIONES Y SEGUIMIENTO A LOS PROCESOS | D62: Desmantelamiento de la estructura (islas de combustión) | E62: 0 | F62: 0 | G62: 5000000 | H62: 0 | I62: =(E62*F62*G62*(1+H62)) -> 0
D63: Tratamiento de las borras (sedimento del combustible) | E63: 0 | F63: 0 | G63: 5400000 | H63: 0 | I63: =(E63*F63*G63*(1+H63)) -> 0
D64: Demolición de oficinas | E64: 0 | F64: 0 | G64: 6400000 | H64: 0 | I64: =(E64*F64*G64*(1+H64)) -> 0
D65: Personal encargado de gestión ambiental (pare y siga, limpieza, traslado de señales) | E65: 0 | F65: 0 | G65: 1300000 | H65: 0.5828 | I65: =(E65*F65*G65*(1+H65)) -> 0
B66: Manejo Forestal, de fauna Ahuyentamiento, rescate y rehubicaión de fauna | C66: Flora | D66: Actualización del inventario forestal del aplicativo del Sistema del Árbol urbano SAU, mediante el retiro de talas y la incorporación de árboles de trasplante y las nuevas siembras de acuerdo con las exigencias de los Municipios de Envigado | E66: 0 | F66: 0 | G66: 7800000 | H66: 0 | I66: =(E66*F66*G66*(1+H66)) -> 0
C67: Flora | D67: Permiso de salvoconducto para el transporte del material resultante del aprovechamiento forestal | E67: 0 | F67: 0 | G67: 4800000 | H67: 0 | I67: =(E67*F67*G67*(1+H67)) -> 0
C68: Manejo de la fauna | D68: Ahuyentamiento, rescate y rehubicaión de fauna. Incluye construcción de pasos de fauna definitivos. | E68: 0 | F68: 0 | G68: 8950000 | H68: 0 | I68: =(E68*F68*G68*(1+H68)) -> 0
B69: TOTAL GESTION AMBIENTAL | I69: =SUM(I42:I68) -> 0
A70: 4.P.M.T | B70: 4. PLAN DE MANEJO DE TRANSITO
B71: REALIZACION DEL PLAN DE MANEJO DE TRANSITO, DELIMITACION, SENDEROS, SEÑALIZACION DE OBRA. VER ANEXO 7,2 | E71: 1 | F71: 1 | G71: =+'7.2 PLAN DE MANEJO DE TRANSITO'!F77 -> 0 | H71: 0 | I71: =(E71*F71*G71*(1+H71)) -> 0
B72: TOTAL PLAN DE MANEJO DE TRANSITO | I72: =+I71 -> 0
A74: VALOR TOTAL DEL PLAN DE GESTION SOCIAL, AMBIENTAL, SISO -(SISOMA)-, PMT | I74: =+I69+I40+I20+I72 -> 0

Sheet 7.2 PLAN DE MANEJO DE TRANSITO
A1: MUNICIPIO DE ENVIGADO
A2: SECRETARÍA DE OBRAS PÚBLICAS
A3: ANÁLISIS DE RIESGOS PREVISIBLES DE LA CONTRATACIÓN
A5: OBJETO: | B5: =PRESUPUESTO!B5:F5 -> MANTENIMIENTO PREVENTIVO Y CORRECTIVO DE LOS TANQUES DE AGUA PARA LA INFRAESTRUCTURA INSTITUCIONAL SEGÚN REQUERIMIENTO DEL MUNICIPIO DE ENVIGADO
A7: Parte 7.2: Memorias de calculo del valor de las consecuencias del RIESGO AMBIENTAL -Plan de Manejo de Transito
A9: SUMINISTRO DE SEÑALES REUTILIZABLES EN OTRAS OBRAS
A10: ÍTEM | B10: DESCRIPCIÓN | C10: UNIDAD | D10: CANTIDAD | E10: VALOR UNITARIO | F10: VALOR TOTAL | G10: ESQUEMA
A11: 1 | B11: SEÑALIZACIÓN PARA CONSTRUCCIÓN
A12: 1.1 | B12: Suministro de señal informativa según ficha técnica marcada como "Obra en la vía a 100 m" | C12: Und | D12: 0 | E12: 298000 | F12: =D12*E12 -> 0
A13: 1.2 | B13: Suministro de señal informativa móvil según ficha técnica marcada como Obra en la vía a 500 m | C13: Und | D13: 0 | E13: 298000 | F13: =D13*E13 -> 0
A14: 1.3 | B14: Suministro de señal informativa móvil según ficha técnica marcada como Inicio de Obra | C14: Und | D14: 0 | E14: 298000 | F14: =D14*E14 -> 0
A15: 1.4 | B15: Suministro de señal informativa móvil según ficha técnica marcada como Fin de Obra | C15: Und | D15: 0 | E15: 298000 | F15: =D15*E15 -> 0
A16: 1.5 | B16: Suministro de señal informativa móvil según ficha técnica marcada como Carril izquierdo Cerrado | C16: Und | D16: 0 | E16: 298000 | F16: =D16*E16 -> 0
A17: 1.6 | B17: Suministro de señal informativa móvil según ficha técnica marcada como Carril derecho Cerrado | C17: Und | D17: 0 | E17: 298000 | F17: =D17*E17 -> 0
A18: 1.7 | B18: Suministro de señal preventiva móvil según ficha técnica Hombres trabajando | C18: Und | D18: 0 | E18: 298000 | F18: =D18*E18 -> 0
A19: 1.8 | B19: Suministro de señal preventiva móvil según ficha técnica Maquinaria en la vía | C19: Und | D19: 0 | E19: 298000 | F19: =D19*E19 -> 0
A20: 1.9 | B20: Suministro de señal preventiva móvil según ficha técnica reducción de calzada Izquierda | C20: Und | D20: 0 | E20: 298000 | F20: =D20*E20 -> 0
A21: 1.10 | B21: Suministro de señal preventiva móvil según ficha técnica reducción de calzada Derecha | C21: Und | D21: 0 | E21: 298000 | F21: =D21*E21 -> 0
A22: 1.11 | B22: Suministro de señal informativa "Peatones" | C22: Und | D22: 0 | E22: 298000 | F22: =D22*E22 -> 0
A23: ÍTEM | B23: DESCRIPCIÓN | C23: UNIDAD | D23: CANTIDAD | E23: VALOR UNITARIO | F23: VALOR TOTAL | G23: ESQUEMA
A24: 1.11 | B24: Suministro de señal reglamentaria móvil según ficha técnica Prohibido adelantar | C24: Und | D24: 0 | E24: 234084 | F24: =D24*E24 -> 0
A25: 1.12 | B25: Suministro de señal reglamentaria móvil según ficha técnica Velocidad 30 | C25: Und | D25: 0 | E25: 234084 | F25: =D25*E25 -> 0
A26: 1.13 | B26: Suministro de señal reglamentaria móvil según ficha técnica Velocidad 20 | C26: Und | D26: 0 | E26: 234084 | F26: =D26*E26 -> 0
A27: 1.14 | B27: Suministro de señal reglamentaria móvil según ficha técnica Vía Cerrada | C27: Und | D27: 0 | E27: 234084 | F27: =D27*E27 -> 0
A28: 1.15 | B28: Suministro de señal reglamentaria móvil según ficha técnica Desvío Izquierdo | C28: Und | D28: 0 | E28: 234084 | F28: =D28*E28 -> 0
A29: 1.16 | B29: Suministro de señal reglamentaria móvil según ficha técnica Desvío Derecho | C29: Und | D29: 0 | E29: 234084 | F29: =D29*E29 -> 0
A30: 1.17 | B30: Suministro de señal pare y siga con paral según ficha técnica | C30: Und | D30: 0 | E30: 68025 | F30: =D30*E30 -> 0
A31: 1.18 | B31: Barricadas de 1,5 * 2,0 según ficha técnica sentido derecho | C31: Und | D31: 0 | E31: 450000 | F31: =D31*E31 -> 0
A32: 1.19 | B32: Barricadas de 1,5 * 2,0 según ficha técnica sentido izquierdo | C32: Und | D32: 0 | E32: 450000 | F32: =D32*E32 -> 0
A33: 1.20 | B33: Suministro de señal reglamentaria solo disco según ficha técnica Vía Cerrada | C33: Und | D33: 0 | E33: 298000 | F33: =D33*E33 -> 0
A34: 1.21 | B34: Suministro de señal reglamentaria solo disco según ficha técnica Desvío Izquierdo | C34: Und | D34: 0 | E34: 298000 | F34: =D34*E34 -> 0
A35: ÍTEM | B35: DESCRIPCIÓN | C35: UNIDAD | D35: CANTIDAD | E35: VALOR UNITARIO | F35: VALOR TOTAL | G35: ESQUEMA
A36: 1.22 | B36: Suministro de señal reglamentaria solo disco según ficha técnica Desvío Derecho | C36: Und | D36: 0 | E36: 298000 | F36: =D36*E36 -> 0
A37: 1.23 | B37: Suministro de barrera plastica flexible | C37: Und | D37: 0 | E37: 405000 | F37: =D37*E37 -> 0
A38: 1.24 | B38: Delineador tubular según ficha técnica | C38: Und | D38: 0 | E38: 52500 | F38: =D38*E38 -> 0
A39: ÍTEM | B39: DESCRIPCIÓN | C39: UNIDAD | D39: CANTIDAD | E39: VALOR UNITARIO | F39: VALOR TOTAL | G39: ESQUEMA
A40: 1.25 | B40: Cono PVC según ficha técnica | C40: Und | D40: 0 | E40: 59800 | F40: =D40*E40 -> 0
A41: TOTAL | F41: =SUM(F11:F40) -> 0
A42: IVA (19%) | F42: =ROUND(F41*0.19,0) -> 0
A43: VALOR TOTAL | F43: =F41+F42 -> 0
A45: SUMINISTRO DE SEÑALES NO REUTILIZABLES EN OTRAS OBRAS
A46: ÍTEM | B46: DESCRIPCIÓN | C46: UNIDAD | D46: CANTIDAD | E46: VALOR UNITARIO | F46: VALOR TOTAL | G46: ESQUEMA
A47: 1 | B47: SEÑALIZACIÓN PARA CONSTRUCCIÓN
A48: 1.25 | B48: Lonas para volqueta según ficha técnica | C48: Und | D48: 0 | E48: 210000 | F48: =D48*E48 -> 0
A49: 1.26 | B49: Malla Plástica Naranja según ficha técnica | C49: Rollo | D49: 0 | E49: 110000 | F49: =D49*E49 -> 0
A50: 1.27 | B50: Polisombra naranja según ficha técnica | C50: Rollo | D50: 0 | E50: 205000 | F50: =D50*E50 -> 0
A51: 1.28 | B51: Cinta reflectiva de peligro | C51: Rollo | D51: 0 | E51: 25900 | F51: =D51*E51 -> 0
A52: 1.29 | B52: Chaleco sencillo reflectivo | C52: Und | D52: 0 | E52: 29100 | F52: =D52*E52 -> 0
A53: 1.30 | B53: Lámpara de trafico decagonal según ficha técnica | C53: Und | D53: 0 | E53: 53550 | F53: =D53*E53 -> 0
A54: 1.31 | B54: Pito | C54: Und | D54: 0 | E54: 10800 | F54: =D54*E54 -> 0
A55: TOTAL | F55: =SUM(F48:F54) -> 0
A56: IVA (19%) | F56: =ROUND(F55*0.19,0) -> 0
A57: VALOR TOTAL | F57: =F55+F56 -> 0
A58: TOTAL SEÑALES REUTILIZABLES Y SEÑALES NO REUTILIZABLES | F58: =+F57+F43 -> 0
A60: IMPLEMENTACION DEL PLAN DE MANEJO DE TRANSITO
A61: Dispositivos y Planes de divulgacion a la Comunidad
A62: ÍTEM | B62: DESCRIPCIÓN | C62: UNIDAD | D62: CANTIDAD | E62: VALOR UNITARIO | F62: VALOR TOTAL | G62: P.M.T.
A63: 1.31 | B63: Brigadistas de PMT y bandereros | C63: Und | D63: 0 | E63: 2240000 | F63: =+D63*E63 -> 0
A64: 1.32 | B64: Avisos de Prensa a color. | C64: Global | D64: 0 | E64: 2500000 | F64: =+D64*E64 -> 0
A65: 1.33 | B65: Pasacalles en lona e impresión digital full color. Incluye instalación y desinstalación. Se pagan solo una vez | C65: Und | D65: 0 | E65: 359000 | F65: =+D65*E65 -> 0
A66: 1.34 | B66: Cuñas radiales para alertar por cierres, desvíos, etc. En dos emisoras de musica y dos emisoras noticiosas | C66: Und | D66: 0 | E66: 2850000 | F66: =+D66*E66 -> 0
A67: TOTAL | F67: =SUM(F63:F66) -> 0
A68: VALOR TOTAL | F68: =+F67 -> 0
A69: TOTAL Dispositivos y Planes de divulgacion a la Comunidad | F69: =F68 -> 0
A70: Permisos de Cierre de Via
A71: ÍTEM | B71: DESCRIPCIÓN | C71: UNIDAD | D71: CANTIDAD | E71: VALOR UNITARIO | F71: VALOR TOTAL | G71: P.M.T.
A72: 1.35 | B72: Elaboración de PMT y su respectivo plano, firmado por un ingeniero especialista en vías. | C72: Und | D72: 0 | E72: 3000000 | F72: =D72*E72 -> 0
A73: 1.36 | B73: Radicación de PMT para permiso de cierre parcial ante la secretaria de movilidad | C73: Und | D73: 0 | E73: 2552800 | F73: =D73*E73 -> 0
A74: VALOR TOTAL | F74: =F72+F73 -> 0
A75: TOTAL Cierre de Via | F75: =F74 -> 0
A77: VALOR TOTAL PLAN DE MANEJO DE TRANSITO | F77: =F75+F69+F58 -> 0

Sheet Memorias de calculo
D2: concretos muros accesos AB
C3: ubicación | D3: tipologia | E3: Ancho | F3: Espesor | G3: Largo | H3: subtotal | I3: ACERO EN KG | J3: Geodrenplanar | K3: tuberia 4¨ perforada | L3: solado m3 | M3: Lleno para estructuras
C4: Zapata | D4: M1 | E4: 2.3 | F4: 0.3 | G4: 1 | H4: =+E4*F4*G4 -> 0.69 | I4: =+(2.81*851.18)/6 -> 398.63597 | J4: =+G5 -> 1 | K4: =+G4 -> 1 | L4: =+E4*0.05*G4 -> 0.115 | M4: =6.784*G4 -> 6.784 | O4: precio concreto | P4: 542000
C5: Vastago | D5: M1 | E5: 1.69 | F5: 0.3 | G5: 1 | H5: =+E5*F5*G5 -> 0.507 | O5: excavacion sin clasificar de la explanacion , canales y prestamos | P5: 9500
C6: Zapata | D6: M2 | E6: 2.3 | F6: 0.3 | G6: 1 | H6: =+E6*F6*G6 -> 0.69 | I6: =+(1.7*3527.4)/6 -> 999.43 | J6: =+G7 -> 1 | K6: =+G6 -> 1 | L6: =+E6*0.05*G6 -> 0.115 | M6: =6.784*G6 -> 6.784 | O6: Terraplen | P6: 10200
C7: Vastago | D7: M2 | E7: 3.43 | F7: 0.3 | G7: 1 | H7: =+E7*F7*G7 -> 1.029 | O7: sub base | P7: 82000
C8: Zapata | D8: M3 | E8: 4.7 | F8: 0.45 | G8: 6 | H8: =+E8*F8*G8 -> 12.69 | I8: 3762 | J8: =+G9 -> 6 | K8: =+G8 -> 6 | L8: =+E8*0.05*G8 -> 1.41 | M8: =21.565*G8 -> 129.39 | O8: base | P8: 130000
C9: Vastago | D9: M3 | E9: 5.48 | F9: 0.38 | G9: 6 | H9: =+E9*F9*G9 -> 12.4944 | O9: conformacion | P9: 810
C10: Zapata | D10: M4 | E10: 2.3 | F10: 0.3 | G10: 2 | H10: =+E10*F10*G10 -> 1.38 | I10: =+(2*3527.4)/6 -> 1175.8 | J10: =+G11 -> 2 | K10: =+G10 -> 2 | L10: =+E10*0.05*G10 -> 0.23 | M10: =6.784*G10 -> 13.568 | O10: defensa metalica incluye seccion de tope, seccion final y captafaros | P10: =233200*1.08 -> 251856
C11: Vastago | D11: M4 | E11: 3.5 | F11: 0.3 | G11: 2 | H11: =+E11*F11*G11 -> 2.1 | O11: solado | P11: 315000
C12: Zapata | D12: M5 a M8 | E12: 1.25 | F12: 0.3 | G12: =8.2+3.62+3.86 -> 15.68 | H12: =+E12*F12*G12 -> 5.88 | I12: =+(166*G12)/6 -> 433.81333 | J12: =+G13 -> 15.68 | K12: =+G12 -> 15.68 | L12: =+E12*0.05*G12 -> 0.98 | M12: =1.219*G12 -> 19.11392 | O12: cunetas fundidas en el sitio | P12: 412000
C13: Vastago | D13: M5 a M8 | E13: 1.76 | F13: 0.3 | G13: =+G12 -> 15.68 | H13: =+E13*F13*G13 -> 8.27904
G14: total | H14: =SUM(H4:H13) -> 45.73944 | I14: =SUM(I4:I13) -> 6769.6793 | J14: =SUM(J4:J13) -> 25.68 | K14: =SUM(K4:K13) -> 25.68 | L14: =SUM(L4:L13) -> 2.85 | M14: =SUM(M4:M13) -> 175.63992
D15: =4*20*0.99 -> 79.2 | G15: ajuste 10% | H15: =+H14*1.1 -> 50.313384 | I15: =+I14*1.5 -> 10154.519 | J15: =+J14*1.5 -> 38.52 | K15: =+K14*1.5 -> 38.52 | L15: =+L14*1.5 -> 4.275 | M15: =+M14*1.5 -> 263.45988
D16: =100*1.2*0.556 -> 66.72
E17: BOX COULVERT 2X2
E18: CONCRETO | F18: 24
E19: ACERO | F19: =90*10 -> 900
D21: MICROPILOTES AREQUIPA | E21: =10*2*20 -> 400 | F21: ml | H21: acero | I21: estribos | J21: total acero micropilotes
D22: MICROPILOTES SENCILLO | E22: =+(((0.4*0.4*PI())/4)*2) -> 0.25132741 | F22: =14*E22*1.5 -> 5.2778757 | G22: m3 | H22: =14*4*1.5*0.994 -> 83.496 | I22: =14*0.95*8*0.556 -> 59.1584 | J22: =+H22+I22*1.1 -> 148.57024
D23: concretos muros accesos CD
C24: ubicación | D24: tipologia | E24: Ancho | F24: Espesor | G24: Largo | H24: subtotal | I24: ACERO KG | J24: Geodrenplanar | K24: tuberia 4¨ perforada | L24: solado m3 | M24: Lleno para estructuras
C25: Zapata | D25: M1 | E25: 2.3 | F25: 0.3 | G25: 30 | H25: =+E25*F25*G25 -> 20.7 | I25: =114.3*30 -> 3429 | J25: =+G26 -> 30 | K25: =+G25 -> 30 | L25: =+E25*0.05*G25 -> 3.45 | M25: =6.784*G25 -> 203.52
C26: Vastago | D26: M1 | E26: 1.9 | F26: 0.3 | G26: 30 | H26: =+E26*F26*G26 -> 17.1
C27: Zapata | D27: M1 | E27: 2.3 | F27: 0.3 | G27: 10 | H27: =+E27*F27*G27 -> 6.9 | I27: =114.3*10 -> 1143 | J27: =+G28 -> 10 | K27: =+G27 -> 10 | L27: =+E27*0.05*G27 -> 1.15 | M27: =6.784*G27 -> 67.84
C28: Vastago | D28: M1 | E28: 1.5 | F28: 0.3 | G28: 10 | H28: =+E28*F28*G28 -> 4.5
G29: total | H29: =SUM(H25:H28) -> 49.2 | I29: =SUM(I25:I28) -> 4572 | J29: =SUM(J25:J28) -> 40 | K29: =SUM(K25:K28) -> 40 | L29: =SUM(L25:L28) -> 4.6 | M29: =SUM(M25:M28) -> 271.36
G30: ajuste 10% | H30: =+H29*1.1 -> 54.12 | I30: =+I29*1.1 -> 5029.2 | J30: =+J29*1.1 -> 44 | K30: =+K29*1.1 -> 44 | L30: =+L29*1.1 -> 5.06 | M30: =+M29*1.1 -> 298.496
C33: Muro acercamiento puente
C34: Zapata | D34: M3 | E34: 4.7 | F34: 0.45 | G34: 15 | H34: =+E34*F34*G34 -> 31.725 | I34: ACERO KG | J34: Geodrenplanar | K34: tuberia 4¨ perforada | L34: solado m3 | M34: Lleno para estructuras
C35: Vastago | D35: M3 | E35: 5.48 | F35: 0.38 | G35: 15 | H35: =+E35*F35*G35 -> 31.236 | I35: =3762*G35 -> 56430 | J35: =+G35 -> 15 | K35: =+G35 -> 15 | L35: =+E34*0.05*G34 -> 3.525 | M35: =21.565*G34 -> 323.475
G36: total | H36: =SUM(H32:H35) -> 62.961 | I36: =SUM(I32:I35) -> 56430 | J36: =SUM(J32:J35) -> 15 | K36: =SUM(K32:K35) -> 15 | L36: =SUM(L32:L35) -> 3.525 | M36: =SUM(M32:M35) -> 323.475
G37: ajuste 10% | H37: =+H36*1.1 -> 69.2571 | I37: =+I36*1.1 -> 62073 | J37: =+J36*1.1 -> 16.5 | K37: =+K36*1.1 -> 16.5 | L37: =+L36*1.1 -> 3.8775 | M37: =+M36*1.1 -> 355.8225

Sheet RESUMEN
B1: RESUMEN DEL VALOR DEL PROYECTO
A3: CONSTRUCCIÓN DE VIVIENDAS NUEVAS EN LOS LOTES REMANENTES DE LA DIAGONAL 29 DEL MUNICIPIO DE ENVIGADO
A18: SUB TOTAL COSTO DIRECTO | C18: =SUM(C7:C17) -> 0
A19: PORCENTAJE DE ARU | C19: =#REF! -> #REF!
A20: VALOR COSTOS INDIRECTOS | C20: =+C18*C19 -> #REF!
A21: SUBTOTAL OBRA CIVIL | C21: =C18+C20 -> #REF!
A22: RIESGOS ASUMIDOS ENTIDAD CONTRATANTE | C22: =#REF! -> #REF!
A23: VALOR TOTAL DEL PROYECTO | C23: =C21+C22 -> #REF!
A27: Aprobado por:
A29: SERGIO ALBERTO RIOS OSPINA
A30: Secretario de Obras Públicas
A31: Fecha: | B31: 42503
